 Dungeon Crawl Stone Soup version 0.28-a0-863-g8cecda6153 (webtiles) character file.

Game seed: 16360145774996371426

873458 lawman0 the Fire Dragon (level 27, -2/254 HPs)
             Began as a Red Draconian Hedge Wizard on Nov 10, 2021.
             Was the Champion of Vehumet.
             Killed from afar by an ancient champion (20 damage)
             ... with an iron shot
             ... while petrified
             ... on level 3 of the Tomb of the Ancients on Nov 19, 2021.
             The game lasted 07:34:51 (117809 turns).

lawman0 the Fire Dragon (DrWz)                    Turns: 117809, Time: 07:34:52

Health: -2/254     AC: 25    Str: 16 (17) XL:     27
Magic:  34/54      EV:  2    Int: 25 (30) God:    Vehumet [******]
Gold:   8653       SH:  0    Dex: 18      Spells: 5/80 levels left

rFire   + + .      SeeInvis +   b - +0 staff of Battle
rCold   + + .      Faith    .   y - +18 shield of the Gong {rElec rN+ Will+ EV-5}
rNeg    + + +      Spirit   .   (armour unavailable)
rPois   ∞          Reflect  +   X - +0 mask of the Dragon {Will+ Slay+3 SInv}
rElec   +          Harm     .   A - scarf {repulsion}
rCorr   +          Rampage  .   N - +2 pair of gloves {Dex+3}
Will    +++++                   t - +2 pair of boots {Fly}
Stlth   +++.......              Y - amulet of the Special Artists {Reflect Regen+ Str+2 SH+5}
HPRegen 1.52/turn               u - ring of Jiul Birch {rF+ Will+ rCorr Stlth-}
MPRegen 0.34/turn               B - ring "Finireum" {rC+ Will+ Int+6 Dex+3}

@: lich-form, petrified, flying, slowed, studying 6 skills, repel missiles
A: draining attack, torment immunity, no potions, (breathe fire), AC +13,
unfitting armour, fire resistance 1, cold-blooded, antennae 1
}: 4/15 runes: decaying, serpentine, slimy, silver
a: End Transformation, Renounce Religion


You were on level 3 of the Tomb of the Ancients.
You worshipped Vehumet.
Vehumet was exalted by your worship.
You were an undead lich.
You visited 15 branches of the dungeon, and saw 62 of its levels.
You completed 1 ziggurat, and saw 27 of its levels.
You also visited: Trove, Bailey, Gauntlet, Ice Cave, Wizlab and Desolation.

You collected 14112 gold pieces.
You spent 5459 gold pieces at shops.

Inventory:

Hand Weapons
 a - the +11 long sword "Goceaha Ajeu" {elec, rPois Dex+7 SInv}
   (You took it off a deep elf sorcerer on level 3 of the Elven Halls)

   It occasionally discharges a powerful burst of electricity upon striking a
   foe.
   Dex:       It affects your dexterity (+7).
   rPois:     It protects you from poison.
   SInv:      It lets you see invisible.
 b - the +0 staff of Battle (weapon)
   (You found it on level 27 of a ziggurat)

   It enhances your conjuration magic.
   It summons a battlesphere in combat, with strength depending on Conjurations
   skill.
   Its strikes trigger the battlesphere's blasts.
Missiles
 h - 5 silver javelins
 p - 18 throwing nets (quivered)
Armour
 t - a +2 pair of boots of flying (worn)
 y - the +18 shield of the Gong (worn) {rElec rN+ Will+ EV-5}
   (You found it on level 5 of the Vaults)

   It is deafeningly noisy when blocking attacks.
   EV:        It affects your evasion (-5).
   rElec:     It insulates you from electricity.
   rN:        It protects you from negative energy.
   Will:      It increases your willpower.
 A - a scarf of repulsion (worn)
 N - a +2 pair of gloves of dexterity (worn)
 X - the +0 mask of the Dragon (worn) {Will+ Slay+3 SInv}
   (You found it on level 22 of a ziggurat)

   Slay:      It affects your accuracy & damage with ranged weapons and melee
   (+3).
   SInv:      It lets you see invisible.
   Will:      It increases your willpower.
Jewellery
 u - the ring of Jiul Birch (left hand) {rF+ Will+ rCorr Stlth-}
   (You took it off a deep elf knight on level 3 of the Elven Halls)

   [ring of protection from fire]

   rF:        It protects you from fire.
   rCorr:     It protects you from acid and corrosion.
   Will:      It increases your willpower.
   Stlth:     It makes you less stealthy.
 B - the ring "Finireum" (right hand) {rC+ Will+ Int+6 Dex+3}
   (You found it on level 27 of a ziggurat)

   [ring of intelligence]

   Int:       It affects your intelligence (+6).
   Dex:       It affects your dexterity (+3).
   rC:        It protects you from cold.
   Will:      It increases your willpower.
 J - the ring of the Madman {rF+ rN+ Dex+6 Slay+2}
   (You took it off an ironbound preserver on level 5 of the Vaults)

   [ring of dexterity]

   Dex:       It affects your dexterity (+6).
   Slay:      It affects your accuracy & damage with ranged weapons and melee
   (+2).
   rF:        It protects you from fire.
   rN:        It protects you from negative energy.
 Q - a ring of flight
 Y - the amulet of the Special Artists (around neck) {Reflect Regen+ Str+2 SH+5}
   (You found it on level 17 of a ziggurat)

   [amulet of reflection]

   It reflects blocked missile attacks.
   Str:       It affects your strength (+2).
   Regen:     It increases your rate of health regeneration.
   SH:        It affects your SH (+5).
Wands
 f - a wand of charming (43)
 k - a wand of acid (10)
 n - a wand of digging (40)
 s - a wand of iceblast (80)
 H - a wand of mindburst (60)
 L - a wand of polymorph (73)
 M - a wand of flame (151)
 S - a wand of paralysis (16)
Scrolls
 d - 3 scrolls of amnesia
 e - 6 scrolls of magic mapping
 l - 18 scrolls of teleportation
 m - 11 scrolls of vulnerability
 w - 17 scrolls of fog
 x - 12 scrolls of blinking
 E - 2 scrolls of summoning
 I - 5 scrolls of silence
 K - 9 scrolls of fear
 O - a scroll of enchant armour
 P - 3 scrolls of holy word
 T - a scroll of identify
Potions
 g - 3 potions of cancellation
 j - a potion of invisibility
 o - 8 potions of heal wounds
 q - 30 potions of curing
 r - 5 potions of ambrosia
 v - 12 potions of might
 z - 4 potions of resistance
 D - 12 potions of brilliance
 F - a potion of haste
 G - 5 potions of mutation
 R - 14 potions of lignification
 W - 4 potions of magic
Miscellaneous
 c - a phial of floods
 i - a phantom mirror
 C - a box of beasts
 V - a condenser vane


   Skills:
 * Level 22.3 Fighting
 + Level 9.0 Long Blades
 + Level 1.2(1.4) Axes
 + Level 1.1(1.3) Polearms
 + Level 1.8(2.0) Slings
 + Level 1.0 Bows
 + Level 1.0 Crossbows
 + Level 1.1(1.6) Throwing
 * Level 18.8 Dodging
 + Level 6.6 Stealth
 + Level 17.0 Shields
 O Level 27 Spellcasting
 + Level 25.4 Conjurations
 + Level 5.2 Hexes
 + Level 9.3 Summonings
 + Level 20.0 Necromancy
 + Level 10.3 Translocations
 + Level 15.9 Transmutations
 O Level 27 Fire Magic
 - Level 0.9 Ice Magic
 + Level 6.4 Air Magic
 - Level 5.4 Earth Magic
 - Level 8.9 Poison Magic
 + Level 0.9 Invocations
 + Level 7.0 Evocations


You had 5 spell levels left.
You knew the following spells:

 Your Spells              Type           Power      Damage    Failure   Level
a - Magic Dart            Conj           100%       1d8       0%          1
b - Animate Dead          Necr           58%        N/A       0%          4
c - Blink                 Tloc           100%       N/A       1%          2
d - Necromutation         Tmut/Necr      55%        N/A       3%          8
e - Fireball              Conj/Fire      64%        3d24      0%          5
f - Dispersal             Tloc           35%        N/A       1%          6
g - Death's Door          Necr           58%        N/A       24%         9
h - Starburst             Conj/Fire      64%        6d17      0%          6
i - Passwall              Tmut/Erth      60%        N/A       0%          2
j - Borgnjor's Vile Clut  Necr/Erth      49%        N/A       1%          5
k - Spellforged Servitor  Conj/Summ      55%        N/A       1%          7
l - Orb of Destruction    Conj           63%        9d17      0%          7
m - Apportation           Tloc           100%       N/A       0%          1
n - Swiftness             Air            60%        N/A       1%          3
p - Fire Storm            Conj/Fire      64%        8d16      1%          9

Your spell library contained the following spells:

 Spells                   Type           Power      Damage    Failure   Level
 Chain Lightning          Conj/Air       53%        3d70      30%         9
 Shatter                  Erth           28%        3d24*     100%        9
 Animate Skeleton         Necr           100%       N/A       0%          1
 Beastly Appendage        Tmut           100%       N/A       0%          1
 Pain                     Necr           100%       1d9       0%          1
 Shock                    Conj/Air       100%       1d9       0%          1
 Sting                    Tmut/Pois      100%       1d8       0%          1
 Corpse Rot               Necr/Air       100%       N/A       0%          2
 Searing Ray              Conj           100%       2d8       0%          2
 Static Discharge         Conj/Air       100%       N/A       0%          2
 Sublimation of Blood     Necr           100%       N/A       0%          2
 Wereblood                Tmut           85%        N/A       0%          2
 Conjure Flame            Conj/Fire      100%       6-21      0%          3
 Dazzling Flash           Conj/Hex       100%       N/A       0%          3
 Ignite Poison            Fire/Tmut/Pois 88%        N/A       0%          3
 Inner Flame              Hex/Fire       85%        N/A       0%          3
 Mephitic Cloud           Conj/Pois/Air  100%       N/A       0%          3
 Spider Form              Tmut/Pois      77%        N/A       0%          3
 Stone Arrow              Conj/Erth      100%       3d13      0%          3
 Vampiric Draining        Necr           100%       2d13      0%          3
 Dispel Undead            Necr           100%       3d31      0%          4
 Flame Wave               Conj/Fire      100%       3d16      0%          4
 Fulminant Prism          Conj/Hex       52%        3d23      0%          4
 Iskenderun's Mystic Bla  Conj/Tloc      100%       2d19      0%          4
 Sticky Flame             Conj/Fire      100%       2d11      0%          4
 Agony                    Necr           100%       N/A       0%          5
 Excruciating Wounds      Necr           58%        N/A       0%          5
 Irradiate                Conj/Tmut      58%        3d33      0%          5
 Iskenderun's Battlesphe  Conj           100%       2d15      0%          5
 Freeze                   Ice            100%       1d11      1%          1
 Sandblast                Erth           100%       2d20      1%          1
 Slow                     Hex            100%       N/A       1%          1
 Summon Small Mammal      Summ           100%       N/A       1%          1
 Call Imp                 Summ           69%        N/A       1%          2
 Ensorcelled Hibernation  Hex/Ice        98%        N/A       1%          2
 Poisonous Vapours        Pois/Air       100%       N/A       1%          2
 Call Canine Familiar     Summ           69%        N/A       1%          3
 Confusing Touch          Hex            56%        N/A       1%          3
 Frozen Ramparts          Ice            76%        1d9       1%          3
 Gell's Gravitas          Tloc           71%        N/A       1%          3
 Lesser Beckoning         Tloc           71%        N/A       1%          3
 Ozocubu's Armour         Ice            38%        N/A       1%          3
 Portal Projectile        Hex/Tloc       100%       N/A       1%          3
 Summon Guardian Golem    Hex/Summ       63%        N/A       1%          3
 Teleport Other           Tloc           71%        N/A       1%          3
 Tukima's Dance           Hex            56%        N/A       1%          3
 Airstrike                Air            30%        N/A       1%          4
 Cause Fear               Hex            28%        N/A       1%          4
 Hailstorm                Conj/Ice       99%        3d19      1%          4
 Ice Form                 Ice/Tmut       66%        N/A       1%          4
 Leda's Liquefaction      Hex/Erth       28%        N/A       1%          4
 Olgreb's Toxic Radiance  Pois           68%        N/A       1%          4
 Passage of Golubria      Tloc           71%        N/A       1%          4
 Petrify                  Tmut/Erth      72%        N/A       1%          4
 Summon Ice Beast         Ice/Summ       56%        N/A       1%          4
 Summon Lightning Spire   Summ/Air       65%        N/A       1%          4
 Alistair's Intoxication  Tmut/Pois      51%        N/A       1%          5
 Blade Hands              Tmut           42%        N/A       1%          5
 Freezing Cloud           Conj/Ice/Air   46%        6-21      1%          5
 Lee's Rapid Deconstruct  Erth           28%        3d16*     1%          5
 Lightning Bolt           Conj/Air       53%        1d74      1%          5
 Manifold Assault         Tloc           71%        N/A       1%          5
 Summon Forest            Summ/Tloc      35%        N/A       1%          5
 Summon Mana Viper        Hex/Summ       63%        N/A       1%          5
 Yara's Violent Unravell  Hex/Tmut       36%        3d15      1%          5
 Silence                  Hex/Air        29%        N/A       2%          5
 Metabolic Englaciation   Hex/Ice        24%        N/A       7%          5
 Conjure Ball Lightning   Conj/Air       53%        3x3d18    1%          6
 Death Channel            Necr           58%        N/A       1%          6
 Eringya's Noxious Bog    Tmut/Pois      38%        N/A       1%          6
 Iron Shot                Conj/Erth      52%        9d10      1%          6
 Simulacrum               Ice/Necr       46%        N/A       1%          6
 Statue Form              Tmut/Erth      48%        N/A       1%          6
 Dragon Form              Tmut           42%        N/A       1%          7
 Haunt                    Necr/Summ      51%        N/A       1%          7
 Borgnjor's Revivificati  Necr           58%        N/A       1%          8
 Ignition                 Fire           53%        3d15      1%          8
 Infestation              Necr           58%        N/A       1%          8
 Summon Cactus Giant      Summ           34%        N/A       2%          6
 Lehudib's Crystal Spear  Conj/Erth      52%        10d12     2%          8
 Storm Form               Tmut/Air       37%        N/A       8%          7
 Malign Gateway           Summ/Tloc      35%        N/A       13%         7
 Monstrous Menagerie      Summ           34%        N/A       16%         7
 Summon Hydra             Summ           34%        N/A       16%         7
 Disjunction              Tloc           35%        N/A       63%         8
 Maxwell's Capacitive Co  Air            30%        ∞         67%         8
 Ozocubu's Refrigeration  Ice            19%        4d8       73%         7
 Summon Horrible Things   Summ           34%        N/A       77%         8
 Discord                  Hex            28%        N/A       100%        8
 Dragon's Call            Summ           34%        N/A       100%        9
 Polar Vortex             Ice            19%        N/A       100%        9
 Animate Armour           Summ/Erth      Unusable   N/A       N/A         4

Dungeon Overview and Level Annotations

Branches:
Dungeon (15/15)            Temple (1/1) D:5            Lair (6/6) D:11
  Swamp (4/4) Lair:4        Snake (4/4) Lair:4        Slime (5/5) Lair:6
    Orc (2/2) D:12            Elf (3/3) Orc:2        Vaults (5/5) D:14
  Crypt (3/3) Vaults:2       Tomb (3/3) Crypt:3      Depths (4/4) D:15
   Hell (visited)             Dis (1/7) Hell            Geh (0/7) Hell
    Coc (0/7) Hell            Tar (0/7) Hell            Zot (5/5) Depths:4
 Bailey (visited)           IceCv (visited)          WizLab (visited)
Desolation (visited)      Gauntlet (visited)

Altars:
Cheibriados
Dithmenos
Elyvilon
Gozag
Kikubaaqudgha
Makhleb
Qazlal
Sif Muna
Trog
Uskayaw
Vehumet
Zin
The Shining One

Shops:
D:2 **(   D:13 :   Orc:2 ([[*   Elf:1 [   Elf:2 (   Elf:3 :   Vaults:2 =
Vaults:5 !(   Depths:1 =

Portals:
Hell: Lair:6 Depths:1 Depths:2 Depths:3 Depths:4
Abyss: Depths:2 Depths:3
Pandemonium: Depths:1 Depths:2 Depths:4

Annotations:
Crypt:1 Mennas
Zot:5 1 exclusion


Innate Abilities, Weirdness & Mutations

You are an undead lich.
Your unarmed attacks are suffused with negative energy.
You are immune to unholy pain and torment.
Your necromantic spells are more powerful.
You cannot drink.
You are immune to poison.
((You can breathe blasts of fire.))
Your fiery red scales are hard. (AC +13)
You cannot fit into any form of body armour.
Your flesh is heat resistant. (rF+)
You are cold-blooded and may be slowed by cold attacks.
You have a pair of small antennae on your head.


Message History

* * * LOW HITPOINT WARNING * * *
A mummy comes into view.
The death scarab bites you but does no damage.
The bennu pecks you but does no damage. The bennu barely misses you.
The bennu claws you!
* * * LOW HITPOINT WARNING * * *
The ancient champion hits you with a +0 battleaxe!!
* * * LOW HITPOINT WARNING * * *
The royal mummy casts a spell.
The emperor scorpion stings you but does no damage.
The emperor scorpion claws you but does no damage.
The emperor scorpion claws you!
* * * LOW HITPOINT WARNING * * *
The death scarab bites you!
* * * LOW HITPOINT WARNING * * *
The bennu pecks you but does no damage.
The bennu claws you but does no damage. x2
The ancient champion hits you with a +0 battleaxe!
* * * LOW HITPOINT WARNING * * *
You hear a loud "Zot"!
The death scarab bites you!!
* * * LOW HITPOINT WARNING * * *
The emperor scorpion stings you!
* * * LOW HITPOINT WARNING * * *
The emperor scorpion claws you but does no damage. x2
The bennu pecks you but does no damage. The bennu claws you.
* * * LOW HITPOINT WARNING * * *
The bennu claws you.
The ancient champion hits you but does no damage.
A guardian mummy comes into view.
The royal mummy gestures wildly while chanting.
A guardian mummy comes into view.
The death scarab bites you but does no damage.
The bennu pecks you!
* * * LOW HITPOINT WARNING * * *
The bennu sears you!!
* * * LOW HITPOINT WARNING * * *
The bennu claws you but does no damage. x2
The ancient champion casts a spell at you.
The iron shot hits you!!!
You die...

***,,,,,,,**,,,,,,,,,,,,,,**,,,^
*,,,,,,,...#*,,§.......,,**,,,,,
**,,,,,,,.M.<#*,M......M.**<,,,,,
*,,,,^,,,....)#*zM.s....#*,,,,,,,
*,,,,,,,,...(..*#M.z)s.#*,,,,,,,,
*,,,,,,,,......##MsM)s*#*,,,,,,,,
*,,,,,,,,.......#MsMw..#,,,,,,,,,
*,,,,,,,,.......#zMM│s.#,,,,,,,,,
**,,,,,,,..^....LsBM^*.',,,,^,,,,
**,,,,,,......b#Bb..M.#,,,,,,,,,
**,,,,,$......#B.....#,,,,,,,,,
**,,,,$)....##......#*,,,,,,,,
**,,,$}.!..*#..^...#*,,,,,,,,
**,,$....#*#......#**,,,,,,*
**,$$..#* #......# **,,,,**
**####* ######## ******


You could see 3 royal mummies, an eldritch tentacle, 7 emperor scorpions, 2
bennus, 2 ancient champions, 7 guardian mummies, 3 death scarabs, 2 mummies and
a friendly battlesphere.

Vanquished Creatures
  the Royal Jelly (Slime:5)
  Khufu (Crypt:3)
  9 ancient liches
  9 dread liches
  Mara (Snake:3)
  7 juggernauts
  13 pandemonium lords
  26 royal mummies
  Boris (thrice) (Vaults:2 Vaults:3 Depths:2)
  6 Killer Klowns
  Saint Roka (Snake:3)
  Vashnia (Snake:2)
  A curse toe (Zot:2)
  9 caustic shrikes
  A profane servitor (Zig:21)
  Geryon (Hell)
  25 golden dragons
  Jory (Depths:4)
  4 bone dragons
  3 electric golems
  2 iron giants (Zig:8)
  4 Brimstone Fiends (Zig:23)
  4 hellephants
  A shard shrike zombie (Crypt:2)
  12 tentacled monstrosities
  3 Tzitzimimeh
  3 Ice Fiends
  2 Hell Sentinels
  15 liches
  A deep elf master archer (Elf:3)
  Asterion (Depths:2)
  A walking earthen tome (Depths:2)
  4 deep elf blademasters
  18 titans
  9 quicksilver dragons
  A quicksilver dragon (shapeshifter) (Zig:18)
  7 death cobs
  A sphinx (shapeshifter) (Zig:18)
  14 acid blobs
  6 Executioners
  12 sphinxes
  21 ancient champions
  Frances (Elf:1)
  2 thorn hunters
  Agnes (Snake:4)
  Kirke (D:15)
  18 tengu reavers
  Gastronok (Lair:1)
  20 storm dragons
  14 shadow dragons
  A fenstrider witch (shapeshifter) (Zig:18)
  6 draconian monks
  7 revenants
  12 rockslimes
  A shadow dragon (shapeshifter) (Zig:15)
  2 fenstrider witches
  6 deep elf sorcerers
  8 azure jellies
  2 demonspawn warmongers (Zig:23)
  30 ghost moths
  9 emperor scorpions
  12 iron dragons
  8 nagarajas
  7 balrugs
  5 draconian knights
  4 curse skulls
  6 orc warlords
  10 draconian shifters
  11 fire giants
  An iron dragon (shapeshifter) (Zig:15)
  Louise (Depths:2)
  21 vault wardens
  14 draconian scorchers
  A spectral caustic shrike (WizLab)
  18 frost giants
  2 deep elf elementalists (Elf:3)
  A quicksilver elemental (Zig:8)
  A caustic shrike zombie (WizLab)
  26 ironbound preservers
  4 ghouls
  4 war gargoyles
  13 quicksilver oozes
  9 draconian annihilators
  A juggernaut skeleton (Tomb:2)
  2 spriggan defenders (Depths:4)
  3 cacodemons (Zig:23)
  7 draconian stormcallers
  23 very ugly things
  5 demonspawn corrupters
  32 stone giants
  3 stone giants (shapeshifter)
  6 demonspawn blood saints
  10 reapers
  9 green draconians
  8 vampire knights
  13 black draconians
  A bennu (Tomb:3)
  A lorocyproca (Zig:23)
  17 white draconians
  7 deep elf demonologists
  7 purple draconians
  4 demonspawn black suns (Zig:23)
  A dire elephant (shapeshifter) (Zig:18)
  A minotaur (Gauntlet)
  8 deep elf annihilators
  A bunyip (shapeshifter) (Zig:25)
  Azrael (Orc:2)
  A spectral titan (WizLab)
  7 bunyips
  23 dire elephants
  11 red draconians
  17 entropy weavers
  6 spark wasps
  16 yellow draconians
  5 halazid warlocks
  18 mummy priests
  3 merfolk javelineers
  19 ettins
  2 merfolk impalers
  An iron golem (Zig:8)
  7 eidola
  4 ragged hierophants (Desolation)
  5 eleionomae
  13 deep elf death magi
  6 green deaths
  Snorg (Lair:4)
  21 yaktaur captains
  3 blizzard demons (Zig:23)
  6 crystal guardians
  9 jiangshi
  A spectral quicksilver dragon (WizLab)
  5 fire dragons
  8 deep elf high priests
  Josephine (D:11)
  13 great orbs of eyes
  7 servants of whispers (Desolation)
  2 ghost crabs
  4 rakshasas
  31 vault guards
  13 ironbound thunderhulks
  4 salamander tyrants
  15 naga warriors
  11 peacekeepers
  15 ice dragons
  2 spriggan air magi
  4 boulder beetles
  15 anacondas
  3 hell beasts
  2 merfolk aquamancers
  33 hydras
  3 anacondas (shapeshifter)
  6 catoblepae
  A quicksilver dragon skeleton (Crypt:3)
  Erica (D:8)
  3 ogre magi
  4 death yaks (Lair:6)
  2 fenstrider witch skeletons (Crypt:3)
  11 two-headed ogres
  A satyr (Zig:2)
  12 alligators
  3 ironbound frosthearts
  6 deep troll shamans
  8 vampire magi
  16 death scarabs
  4 tengu warriors
  15 centaur warriors
  27 dancing weapons
  7 spriggan berserkers
  12 naga sharpshooters
  4 hell hogs
  2 shock serpents
  7 orc high priests
  A shock serpent (shapeshifter) (Zig:25)
  8 deep troll earth magi
  15 hell knights
  3 soul eaters
  A titan zombie (WizLab)
  21 deep elf knights
  15 sun demons
  A fire crab (Zig:19)
  9 goliath frogs
  19 iron trolls
  5 salamander mystics
  A quicksilver dragon simulacrum (Depths:3)
  5 shadow wraiths
  4 glowing orange brains
  A sea snake (Zig:2)
  6 sixfirhies
  2 sea snakes (shapeshifter)
  11 flayed ghosts
  2 deep trolls (shapeshifter) (Zig:26)
  A death drake (shapeshifter) (Zig:15)
  7 death drakes
  4 spriggan druids
  3 obsidian statues (Zig:14)
  An anaconda zombie (Hell)
  15 swamp dragons
  49 skeletal warriors
  84 deep trolls
  A glowing orange brain (shapeshifter) (Depths:1)
  A swamp dragon (shapeshifter) (Vaults:5)
  14 deep elf archers
  6 orange crystal statues
  A harpy (Zig:26)
  An iron giant skeleton (Crypt:3)
  7 naga ritualists
  A sphinx zombie (Depths:3)
  An anaconda skeleton (Hell)
  A kraken simulacrum (Hell)
  A harpy (shapeshifter) (D:15)
  13 lindwurms
  14 wizards
  8 bog bodies
  16 phantasmal warriors
  35 deep elf zephyrmancers
  18 ironbound convokers
  14 necromancers
  2 lindwurms (shapeshifter)
  9 orc knights
  A spectral wolf spider (WizLab)
  A shadow dragon skeleton (Crypt:3)
  A bunyip skeleton (Crypt:3)
  39 deep elf pyromancers
  A spectral spriggan (WizLab)
  7 mana vipers
  12 orc sorcerers
  16 orb spiders
  A frost giant zombie (Crypt:1)
  3 fauns (Zig:2)
  7 will-o-the-wisps
  4 manticores
  29 ugly things
  An oklob plant (Lair:5)
  A cyclops (Zig:12)
  2 stone giant zombies
  22 wolf spiders
  2 shining eyes (Slime:2)
  14 salamanders
  2 iron dragon skeletons
  33 elephants
  A nameless horror (Lair:6)
  46 moths of wrath
  7 guardian serpents
  A water nymph (Zig:2)
  40 black mambas
  4 stone giant skeletons
  2 merfolk sirens (Zig:7)
  A spriggan zombie (Crypt:1)
  2 eyes of devastation
  An ice statue (Hell)
  Joseph (D:7)
  A centaur zombie (Crypt:1)
  20 vault sentinels
  An alligator snapping turtle zombie (Crypt:1)
  19 naga magi
  5 rust devils (Hell)
  13 smoke demons
  A naga zombie (Crypt:1)
  A black mamba (shapeshifter) (Zig:25)
  2 molten gargoyles
  An elephant slug zombie (Crypt:1)
  19 torpor snails
  4 apocalypse crabs (Zig:15)
  A dire elephant skeleton (Crypt:3)
  A dire elephant zombie (Crypt:1)
  6 gargoyles
  A shock serpent skeleton (Crypt:2)
  28 cane toads
  5 orange demons
  Maggie (Lair:2)
  25 komodo dragons
  A naga skeleton (Crypt:3)
  A red draconian zombie (Crypt:1)
  2 swamp worm zombies (Swamp:4)
  A kobold demonologist (D:9)
  A black draconian zombie (Crypt:2)
  2 spriggan skeletons
  3 unseen horrors
  14 rime drakes
  An alligator snapping turtle skeleton (Crypt:3)
  8 freezing wraiths
  5 ice devils
  40 yaktaurs
  2 tengu conjurers
  5 tormentors
  An efreet (Zot:2)
  A redback zombie (Crypt:2)
  A sea snake skeleton (Hell)
  2 hellwings
  2 minotaur zombies (Gauntlet)
  2 anaconda simulacra (IceCv)
  A grey draconian skeleton (Crypt:3)
  2 red devils
  12 demonic crawlers
  A sea snake zombie (Hell)
  4 hydra zombies
  3 golden dragon simulacra
  A jumping spider (shapeshifter) (Zig:25)
  6 meliai (D:13)
  11 tyrant leeches
  20 merfolk
  6 polar bears
  13 trolls
  6 bloated husks
  29 guardian mummies
  3 harpy skeletons (Crypt:3)
  6 hydra skeletons
  2 wind drakes (shapeshifter)
  A queen bee (D:13)
  17 jumping spiders
  20 hornets
  Grinder (D:3)
  128 slime creatures
  A tengu simulacrum (Vaults:1)
  2 ettin zombies
  36 blink frogs
  3 wind drakes
  A spectral swamp dragon (Swamp:4)
  39 saltlings (Desolation)
  2 alligator zombies (Swamp:4)
  13 dream sheep
  An ice dragon zombie (Crypt:3)
  32 flying skulls
  9 spriggans
  11 wraiths
  A dire elephant simulacrum (IceCv)
  A redback (shapeshifter) (Zig:15)
  2 air elementals
  A shadow (D:11)
  17 tarantellas
  A ynoxinul (Zig:23)
  23 redbacks
  An ettin skeleton (Crypt:3)
  2 black mamba zombies (Crypt:1)
  5 hogs
  10 ushabtiu
  47 yaks
  11 wyverns
  A spriggan simulacrum (Tomb:2)
  A chaos spawn (Zig:15)
  A hog (shapeshifter) (Zig:26)
  7 basilisks
  27 water elementals
  A wind drake zombie (Crypt:1)
  7 fire elementals
  2 black mamba skeletons (Crypt:3)
  A wind drake skeleton (Crypt:3)
  A golden eye (Slime:4)
  10 wargs
  A water nymph zombie (Crypt:1)
  5 steam dragons
  A harpy simulacrum (IceCv)
  12 vampire mosquitoes
  A swamp worm (shapeshifter) (Vaults:5)
  34 nagas
  9 acid dragons
  15 swamp worms
  21 water moccasins
  An orb spider zombie (Crypt:1)
  8 hell hounds
  A two-headed ogre skeleton (Crypt:1)
  5 swamp drakes (Zig:27)
  2 ice beasts
  2 alligator simulacra (IceCv)
  42 orc warriors
  A black bear (D:8)
  A sky beast (shapeshifter) (Vaults:5)
  2 sky beasts
  An ettin simulacrum (IceCv)
  22 ogres
  A necrophage (D:7)
  9 boggarts
  4 swamp dragon zombies
  13 centaurs
  23 wolves
  A manticore skeleton (Crypt:3)
  A swamp dragon skeleton (Crypt:3)
  2 phantoms (Swamp:4)
  A hog skeleton (Crypt:3)
  A kobold brigand (D:7)
  4 earth elementals
  10 bullfrogs
  3 wyvern zombies
  8 gnoll sergeants (Bailey)
  A naga simulacrum (Crypt:1)
  2 water moccasin zombies (D:5)
  A scorpion (D:6)
  A water moccasin skeleton (D:6)
  A warg skeleton (Crypt:1)
  12 killer bees
  4 howler monkeys
  15 wights
  An electric eel (Vaults:2)
  A lava snake (Snake:3)
  A bullfrog zombie (D:7)
  32 orc priests
  A bullfrog skeleton (Crypt:2)
  4 hounds
  3 jellies
  6 gnoll shamans (Bailey)
  3 centaur skeletons
  2 iguanas
  32 orc wizards
  2 spectral swamp drakes (Swamp:4)
  An acid dragon skeleton (Crypt:2)
  2 hound skeletons
  35 mummies
  3 howler monkey zombies
  A howler monkey skeleton (D:6)
  16 gnolls
  A swamp drake zombie (Swamp:4)
  4 adders
  A shadow imp (Gauntlet)
  An ufetubus (D:6)
  A worm zombie (Crypt:2)
  An adder skeleton (D:4)
  A halfling zombie (Crypt:3)
  A worm (D:3)
  A barachi skeleton (Crypt:2)
  A dart slug (D:1)
  67 orcs
  2 ball pythons
  4 endoplasms
  7 giant cockroaches
  16 goblins
  7 hobgoblins
  4 quokkas
  5 bats
  3 frilled lizards
  A frilled lizard skeleton (Crypt:1)
  10 kobolds
  A quokka zombie (Crypt:3)
  4 rats
  A rat skeleton (Crypt:2)
  2 bushes (Lair:5)
  A fire vortex (Slime:4)
  3 pillars of salt (Desolation)
  A tentacle (Hell)
3545 creatures vanquished.

Vanquished Creatures (collateral kills)
  2 dread liches
  An orb of fire (Zot:3)
  2 ancient liches (Zig:21)
  A Killer Klown (Zig:15)
  4 golden dragons
  4 tentacled monstrosities
  A hellephant (Zig:20)
  2 titans
  5 acid blobs
  An ancient champion (Crypt:3)
  2 quicksilver dragons (Zig:27)
  A storm dragon (Zot:3)
  2 fire giants
  A demonspawn warmonger (Zig:11)
  3 deep elf sorcerers (Elf:3)
  An iron dragon (Hell)
  Aizul (Snake:3)
  2 ghost moths
  An orc warlord (Zig:12)
  A vault warden (Vaults:2)
  An imperial myrmidon (Desolation)
  2 emperor scorpions
  An ironbound preserver (Vaults:2)
  A stone giant (Zig:25)
  3 war gargoyles
  A very ugly thing (Zig:26)
  A reaper (Hell)
  A vampire knight (Hell)
  A deep elf demonologist (Elf:3)
  2 black draconians
  A minotaur (D:12)
  A red draconian (Zot:3)
  4 dire elephants
  4 purple draconians
  A spark wasp (Zig:14)
  An eleionoma (Swamp:4)
  2 jiangshi (Crypt:3)
  A crystal guardian (Vaults:1)
  3 deep elf high priests
  A ragged hierophant (Desolation)
  7 naga warriors
  4 vault guards
  A hydra (Lair:5)
  A ghost crab (Swamp:4)
  The ghost of Ickauwoh the Zephyrmancer, a journeyman DrAE of Vehumet (D:12)
  2 dancing weapons (Elf:2)
  A deep troll shaman (Depths:1)
  3 orc high priests (Orc:2)
  A deep troll earth mage (Elf:1)
  3 hell knights (Depths:4)
  2 naga sharpshooters
  2 deep elf knights (Elf:1)
  2 skeletal warriors (Crypt:3)
  A goliath frog (Swamp:4)
  5 deep trolls
  2 flayed ghosts
  A swamp dragon (Zig:27)
  A deep elf archer (Elf:1)
  A spectral hydra (Swamp:4)
  A harpy (Zig:25)
  A deep elf pyromancer (Elf:2)
  An orc knight (Zig:12)
  2 phantasmal warriors
  A shadow dragon zombie (Tomb:2)
  A wolf spider (Zig:14)
  2 deep elf zephyrmancers
  2 orc sorcerers
  3 ugly things
  An orb spider (Zig:24)
  2 cyclopes (D:12)
  2 naga magi (Snake:2)
  A dire elephant zombie (Hell)
  2 black mambas
  2 vault sentinels (Vaults:1)
  2 molten gargoyles (Hell)
  An orange demon (Lair:6)
  A smoke demon (Hell)
  6 yaktaurs
  A spriggan skeleton (Crypt:3)
  A hellion (Hell)
  An alligator snapping turtle skeleton (Tomb:3)
  A guardian mummy (Tomb:1)
  An ice devil (Lair:6)
  A hydra zombie (Swamp:4)
  A red devil (Lair:6)
  A troll (Orc:1)
  A jumping spider (Zig:24)
  7 slime creatures
  A hornet (Zig:14)
  A spectral swamp dragon (Swamp:4)
  A blink frog (Zig:19)
  A centaur simulacrum (Hell)
  3 redbacks
  3 flying skulls
  2 hogs (D:15)
  A tarantella (shapeshifter) (Zig:26)
  A water elemental (Hell)
  3 golden eyes (Slime:4)
  A steam dragon (Zig:27)
  2 fire elementals (Orc:2)
  A warg (Orc:1)
  2 hell hounds (Lair:6)
  2 water moccasins
  3 nagas
  A black bear (shapeshifter) (Vaults:5)
  7 orc warriors
  A wolf (Lair:2)
  2 ogres
  3 phantoms (Swamp:4)
  A scorpion (D:3)
  An earth elemental (Zig:9)
  3 orc priests
  9 orc wizards
  7 mummies
  Robin (D:3)
  2 gnolls (Orc:1)
  A worm (D:2)
  11 orcs
  4 goblins (D:3)
  A hobgoblin (D:3)
  A fire vortex (Zig:9)
246 creatures vanquished.

Vanquished Creatures (others)
  2 pandemonium lords (Zig:18)
  A golden dragon (Zig:27)
  An iron giant (Zig:18)
  A fire giant (Depths:3)
  An emperor scorpion (shapeshifter) (Zig:18)
  An emperor scorpion (Zig:22)
  A naga warrior (Snake:4)
  2 vault guards
  A boulder beetle (shapeshifter) (Zig:18)
  An anaconda (shapeshifter) (Zig:18)
  An alligator (Swamp:2)
  A deep elf knight (Elf:2)
  An ugly thing (Zig:18)
  An apocalypse crab (Zig:18)
  An eye of devastation (shapeshifter) (Zig:18)
  A rime drake (Zig:27)
  A bloated husk (Swamp:4)
  A tyrant leech (Swamp:2)
  A swamp worm (Swamp:3)
  An acid dragon (Zig:27)
  A phantom (Swamp:4)
  An orc wizard (D:12)
  1155 fire vortices
  18 foxfires
  72 fungi
  A pillar of salt (Desolation)
  136 plants
  3 tentacles (Hell)
1409 creatures vanquished.

Grand Total: 5200 creatures vanquished

Notes
Turn   | Place    | Note
-------+----------+-------------------------------------------
     0 | D:1      | lawman0 the Draconian Hedge Wizard began the quest for the
                  | Orb.
     0 | D:1      | Reached XP level 1. HP: 14/14 MP: 4/4
    55 | D:1      | You fall into a shaft and drop 1 floor!
   158 | D:2      | Found Melon's General Store.
   310 | D:2      | Found Vucalan's Antique Weapon Boutique.
   343 | D:1      | Reached XP level 2. HP: 15/20 MP: 0/6
   758 | D:1      | Learned a level 1 spell: Slow
   761 | D:1      | Learned a level 2 spell: Blink
   764 | D:1      | Learned a level 2 spell: Call Imp
  1012 | D:1      | Reached XP level 3. HP: 24/26 MP: 1/8
  1907 | D:2      | Reached XP level 4. HP: 30/34 MP: 1/9
  2115 | D:2      | Found Rufuze's Assorted Antiques.
  2120 | D:2      | Bought 2 sedimented sapphire potions for 43 gold pieces
  2709 | D:3      | Noticed a scorpion
  2726 | D:3      | Killed a scorpion
  2727 | D:3      | Reached skill level 1 in Fighting
  2727 | D:3      | Reached XP level 5. HP: 40/40 MP: 6/11
  2797 | D:3      | Noticed a sky beast
  3144 | D:3      | Noticed Robin
  3165 | D:3      | Killed Robin
  3343 | D:3      | Learned a level 3 spell: Mephitic Cloud
  3568 | D:3      | Noticed Grinder
  4094 | D:4      | Reached skill level 1 in Long Blades
  4344 | D:4      | :(
  4473 | D:4      | Reached XP level 6. HP: 24/48 MP: 10/12
  6344 | D:5      | Entered Level 5 of the Dungeon
  6369 | D:5      | Learned a level 1 spell: Animate Skeleton
  6423 | D:5      | Noticed an ice beast
  6694 | D:5      | Found a staircase to the Ecumenical Temple.
  6717 | Temple   | Entered the Ecumenical Temple
  6726 | Temple   | Became a worshipper of Vehumet
  6745 | D:5      | Noticed an orc warrior
  6904 | D:4      | Killed an orc warrior
  6905 | D:4      | Reached skill level 1 in Air Magic
  6905 | D:4      | Reached skill level 1 in Poison Magic
  7069 | D:5      | Your scales start taking on a fiery red colour.
  7069 | D:5      | Reached XP level 7. HP: 17/55 MP: 1/13
  7069 | D:5      | Gained mutation: Your flesh is heat resistant. (rF+) [Red
                  | Draconian growth]
  7444 | D:5      | Reached skill level 1 in Necromancy
  8400 | D:2      | Bought a shiny wooden wand for 96 gold pieces
  9044 | D:6      | Reached XP level 8. HP: 60/62 MP: 11/15
  9052 | D:6      | Learned a level 3 spell: Dazzling Flash
  9525 | D:6      | Reached skill level 5 in Spellcasting
  9788 | D:3      | Reached skill level 5 in Conjurations
  9911 | D:3      | Killed Grinder
  9912 | D:3      | Reached skill level 1 in Hexes
 10845 | D:7      | Reached XP level 9. HP: 30/71 MP: 17/17
 11450 | D:7      | Reached * piety under Vehumet
 11450 | D:7      | Offered knowledge of Sandblast by Vehumet.
 11579 | D:7      | Found an opulent altar of Gozag.
 11579 | D:7      | Found a shimmering blue altar of Sif Muna.
 11962 | D:7      | owned
 12041 | D:7      | Found a white marble altar of Elyvilon.
 12054 | D:7      | Noticed Joseph
 12061 | D:7      | Killed Joseph
 12062 | D:7      | owned
 12411 | D:8      | Identified a scroll of acquirement
 12412 | D:8      | sick
 12412 | D:8      | Acquired 782 gold pieces
 12550 | D:2      | Bought a phial of floods for 520 gold pieces
 12550 | D:2      | Bought a scroll of identify for 26 gold pieces
 12550 | D:2      | Bought a scroll of identify for 26 gold pieces
 12550 | D:2      | Bought a scroll of identify for 26 gold pieces
 12550 | D:2      | Bought a potion of curing for 39 gold pieces
 12550 | D:2      | Bought a potion of ambrosia for 104 gold pieces
 12592 | D:2      | Bought a runed cloak for 180 gold pieces
 12597 | D:2      | hell yeah
 12600 | D:2      | Gained mutation: You have sharp toenails. [potion of
                  | mutation]
 12600 | D:2      | Gained mutation: You are clumsy. (Dex -2) [potion of
                  | mutation]
 12600 | D:2      | Gained mutation: Your body sometimes deteriorates upon
                  | taking damage. [potion of mutation]
 12600 | D:2      | Gained mutation: You have razor-sharp toenails. [potion of
                  | mutation]
 12601 | D:2      | lol
 13116 | D:8      | Reached XP level 10. HP: 69/80 MP: 19/19
 13138 | D:7      | Reached skill level 5 in Poison Magic
 13393 | D:8      | Reached skill level 5 in Fighting
 13662 | D:8      | Noticed Erica
 14057 | D:8      | Found a bloodstained altar of Trog.
 14102 | D:8      | Learned a level 3 spell: Stone Arrow
 14122 | D:8      | Offered knowledge of Searing Ray by Vehumet.
 14134 | D:8      | Learned a level 2 spell: Searing Ray
 14257 | D:8      | Killed Erica
 14258 | D:8      | Reached skill level 1 in Earth Magic
 14435 | D:8      | Lost mutation: You are clumsy. (Dex -2) [potion of
                  | mutation]
 14435 | D:8      | Lost mutation: Your body sometimes deteriorates upon taking
                  | damage. [potion of mutation]
 14435 | D:8      | Gained mutation: You have hidden genetic defects. [potion
                  | of mutation]
 14435 | D:8      | Gained mutation: You are robust. (+10% HP) [potion of
                  | mutation]
 14504 | D:9      | Identified the +5 ring mail of Reilogg {-Tele +Inv SInv}
 14526 | D:9      | Reached ** piety under Vehumet
 14617 | D:9      | Found a flagged portal.
 14658 | Bailey   | Entered a bailey
 14949 | Bailey   | Gained mutation: You tend to lose your temper in combat.
                  | [hidden defects]
 15268 | Bailey   | Reached skill level 1 in Evocations
 15314 | Bailey   | Got Zigedgh's Papyrus of Illusion and Lightness
 15580 | D:9      | Offered knowledge of Frozen Ramparts by Vehumet.
 16006 | D:2      | Bought a scroll of identify for 48 gold pieces
 16006 | D:2      | Bought a scroll of identify for 48 gold pieces
 16050 | D:2      | Bought a +0 pair of gloves for 58 gold pieces
 16128 | D:2      | Bought an encrusted battleaxe for 276 gold pieces
 16128 | D:2      | Identified the +4 battleaxe of Fear {antimagic, rPois} (You
                  | bought it in a shop on level 2 of the Dungeon)
 16254 | D:10     | Entered Level 10 of the Dungeon
 16402 | D:10     | Gained mutation: You sometimes lose the ability to read
                  | scrolls when taking damage. [hidden defects]
 16402 | D:10     | Lost mutation: You have hidden genetic defects. [hidden
                  | defects expressed]
 16409 | D:10     | Reached XP level 11. HP: 94/97 MP: 8/21
 16720 | D:10     | Reached *** piety under Vehumet
 16857 | D:10     | Found a portal to a secret trove of treasure.
 16877 | D:10     | Noticed a two-headed ogre
 16891 | D:10     | Killed a two-headed ogre
 16892 | D:10     | Reached skill level 1 in Shields
 18039 | D:11     | Noticed Josephine
 18136 | D:11     | Killed Josephine
 18136 | D:11     | Offered knowledge of Sticky Flame by Vehumet.
 18144 | D:11     | Learned a level 4 spell: Sticky Flame
 18425 | D:11     | Reached skill level 1 in Fire Magic
 19175 | D:11     | Found a staircase to the Lair.
 19311 | D:12     | Reached **** piety under Vehumet
 19494 | D:12     | Found a staircase to the Orcish Mines.
 19668 | D:12     | Offered knowledge of Inner Flame by Vehumet.
 19751 | D:12     | Noticed Ickauwoh's ghost (journeyman DrAE)
 19752 | D:12     | Noticed a minotaur
 19754 | D:12     | Noticed a two-headed ogre
 19767 | D:12     | Lost mutation: You sometimes lose the ability to read
                  | scrolls when taking damage. [potion of mutation]
 19767 | D:12     | Gained mutation: Your magical capacity is low. (-10% MP)
                  | [potion of mutation]
 19767 | D:12     | Gained mutation: You sometimes lose the ability to read
                  | scrolls when taking damage. [potion of mutation]
 20182 | D:12     | Noticed a green ugly thing
 20202 | D:12     | Found a runed translucent gate.
 20202 | D:12     | Found a runed translucent gate.
 20202 | D:12     | Found a runed translucent gate.
 20450 | D:13     | Noticed a two-headed ogre
 20455 | D:13     | Killed a two-headed ogre
 20456 | D:13     | Reached XP level 12. HP: 105/105 MP: 22/22
 20587 | D:12     | Learned a level 3 spell: Inner Flame
 21052 | D:13     | Noticed an eight-headed hydra
 21057 | D:13     | Killed an eight-headed hydra
 21128 | D:13     | Reached skill level 10 in Conjurations
 21210 | D:13     | Reached skill level 5 in Shields
 21444 | D:13     | Reached skill level 5 in Dodging
 21815 | D:13     | Found Wezopp's Book Shoppe.
 22040 | D:14     | Found a white marble altar of Elyvilon.
 22111 | D:14     | Noticed a boulder beetle
 22121 | D:14     | Killed a boulder beetle
 22416 | D:14     | Found a glowing golden altar of the Shining One.
 22417 | D:14     | Found a glowing silver altar of Zin.
 22502 | D:14     | Noticed a vault guard
 22514 | D:14     | Noticed a vault guard
 22517 | D:14     | Killed a vault guard
 22534 | D:14     | Killed a vault guard
 22846 | D:15     | Entered Level 15 of the Dungeon
 22872 | D:15     | Found a staircase to the Depths.
 22872 | D:15     | Noticed a fire giant
 23005 | D:15     | Found a stormy altar of Qazlal.
 23086 | D:15     | Reached skill level 10 in Spellcasting
 23119 | D:15     | Reached XP level 13. HP: 50/113 MP: 6/24
 23400 | D:15     | Reached ***** piety under Vehumet
 23400 | D:15     | Offered knowledge of Spellforged Servitor by Vehumet.
 23411 | D:15     | Learned a level 7 spell: Spellforged Servitor
 23521 | D:15     | Noticed Kirke
 24032 | Lair:1   | Entered Level 1 of the Lair of Beasts
 24169 | Lair:1   | Learned a level 5 spell: Lightning Bolt
 24216 | Lair:1   | Noticed Gastronok
 24349 | Lair:1   | Reached skill level 5 in Earth Magic
 24559 | Lair:1   | Found a snail-covered altar of Cheibriados.
 24979 | Lair:1   | Killed Gastronok
 25421 | Lair:2   | Noticed Maggie
 25433 | Lair:2   | Killed Maggie
 25957 | Lair:2   | Acquired the Handbook of Battle Magic
 25967 | Lair:2   | Learned a level 5 spell: Iskenderun's Battlesphere
 27890 | Lair:3   | Acquired 863 gold pieces
 28141 | Lair:3   | Reached XP level 14. HP: 122/122 MP: 26/26
 28223 | Lair:4   | Found a gate leading to a gauntlet.
 28225 | Lair:4   | Found a staircase to the Swamp.
 28230 | Gauntlet | Entered a Gauntlet
 28230 | Gauntlet | Found a transporter.
 28230 | Gauntlet | Found a transporter.
 28282 | Gauntlet | Found a transporter.
 28285 | Gauntlet | Found a transporter.
 28286 | Gauntlet | Found a transporter.
 28286 | Gauntlet | Found a transporter.
 28297 | Gauntlet | Found a transporter.
 28299 | Gauntlet | Found a transporter.
 28310 | Gauntlet | Found a transporter.
 28342 | Gauntlet | Found a transporter.
 28369 | Gauntlet | Found a transporter.
 28373 | Gauntlet | Found a transporter.
 28545 | Gauntlet | Identified the +2 pair of boots of Dramatic Exits {rF-
                  | Regen+ Dex+2}
 28625 | Gauntlet | Noticed a balrug
 28645 | Gauntlet | Identified the ring "Ceheq" {MP+9 Int+4 Slay+4}
 28962 | Lair:4   | Lost mutation: You tend to lose your temper in combat.
                  | [potion of mutation]
 28962 | Lair:4   | Lost mutation: You sometimes lose the ability to read
                  | scrolls when taking damage. [potion of mutation]
 28962 | Lair:4   | Lost mutation: You have razor-sharp toenails. [potion of
                  | mutation]
 28962 | Lair:4   | Gained mutation: You sometimes lose the ability to read
                  | scrolls when taking damage. [potion of mutation]
 29323 | D:10     | You paid a toll of 6 scrolls of fear to enter a treasure
                  | trove
 29324 | Trove    | Entered a treasure trove
 29525 | Lair:4   | lol
 29527 | Lair:4   | Offered knowledge of Flame Wave by Vehumet.
 29554 | Lair:4   | Learned a level 4 spell: Flame Wave
 29763 | Lair:4   | lmao
 29763 | Lair:4   | this spell owns
 29782 | Lair:4   | oh hell yes
 29825 | Lair:4   | Found a staircase to the Snake Pit.
 29848 | Lair:4   | haha yes
 29937 | Lair:4   | Noticed Snorg
 29942 | Lair:4   | Killed Snorg
 29955 | Lair:4   | Reached skill level 5 in Air Magic
 31161 | Lair:6   | Entered Level 6 of the Lair of Beasts
 31210 | Lair:6   | Offered knowledge of Irradiate by Vehumet.
 31219 | Lair:6   | Reached XP level 15. HP: 119/129 MP: 23/29
 31258 | Lair:6   | Reached skill level 5 in Fire Magic
 31656 | Lair:6   | Found a burning altar of Makhleb.
 32317 | Lair:6   | Found a staircase to the Slime Pits.
 32486 | Lair:6   | Found a gateway to Hell.
 32496 | Lair:6   | booo
 32585 | Lair:6   | Reached skill level 5 in Summonings
 33028 | Orc:1    | Entered Level 1 of the Orcish Mines
 33360 | Orc:2    | Entered Level 2 of the Orcish Mines
 33403 | Orc:2    | Offered knowledge of Freezing Cloud by Vehumet.
 34123 | Orc:2    | Reached ****** piety under Vehumet
 34296 | Orc:2    | Found Vuitra's General Store.
 34296 | Orc:2    | Found Lyaw's Antique Armour Emporium.
 34300 | Orc:2    | Found Qefugriu's Weapon Shoppe.
 34302 | Orc:2    | Found Rebiapuw's Armour Shoppe.
 34349 | Orc:2    | Noticed Azrael
 34354 | Orc:2    | Killed Azrael
 34515 | Orc:2    | Found a staircase to the Elven Halls.
 34536 | Orc:2    | Offered knowledge of Orb of Destruction by Vehumet.
 34545 | Orc:2    | Learned a level 7 spell: Orb of Destruction
 34545 | Orc:2    | haha yes
 34600 | Orc:2    | yes
 34600 | Orc:2    | YES
 34723 | Orc:2    | Bought a scroll of amnesia for 45 gold pieces
 34741 | Elf:1    | Entered Level 1 of the Elven Halls
 34755 | Elf:1    | Noticed Frances
 34882 | Elf:1    | Killed Frances
 35108 | Elf:1    | Reached skill level 15 in Spellcasting
 35610 | Elf:1    | Noticed a deep elf sorcerer
 35615 | Elf:1    | Killed a deep elf sorcerer
 35616 | Elf:1    | Reached XP level 16. HP: 132/138 MP: 25/31
 35853 | Elf:1    | Found Adwuorit's Antique Armour Shop.
 35862 | Elf:1    | Bought a pair of boots for 135 gold pieces
 35867 | Elf:1    | Bought an embroidered scarf for 240 gold pieces
 36271 | Elf:1    | Identified the +3 leather armour of Loxkoizipsy {rN+ rCorr
                  | Str-2 Dex+4}
 36273 | Elf:1    | come on dude
 36592 | Elf:2    | Found Egruastra's Weapon Emporium.
 36960 | Elf:2    | Found a runed translucent gate.
 36961 | Elf:2    | Found a runed translucent gate.
 36961 | Elf:2    | Found a runed translucent gate.
 37016 | Elf:2    | Offered knowledge of Eringya's Noxious Bog by Vehumet.
 37164 | Elf:2    | Learned a level 6 spell: Eringya's Noxious Bog
 37723 | Elf:2    | Reached skill level 15 in Conjurations
 38114 | Elf:3    | Entered Level 3 of the Elven Halls
 38279 | Elf:3    | Found Luroxip's Book Boutique.
 38291 | Elf:3    | Bought a book of Cantrips for 192 gold pieces
 38293 | Elf:3    | Learned a level 1 spell: Apportation
 38293 | Elf:3    | Bought a manual of Long Blades for 1280 gold pieces
 38293 | Elf:3    | Upgraded the game from 0.28-a0-828-g0121872642 to
                  | 0.28-a0-834-g1a73be5ee4
 38321 | Elf:3    | Identified the ring of Hulupniareh {Fire rElec Str+3}
 38354 | Elf:3    | Paralysed by an air elemental for 1 turns
 38617 | Orc:2    | is there seriously no rpois
 39034 | Elf:2    | Reached skill level 1 in Transmutations
 39035 | Elf:2    | Noticed a deep elf blademaster
 39039 | Elf:2    | Killed a deep elf blademaster
 39588 | Elf:2    | Reached XP level 17. HP: 145/145 MP: 34/34
 39721 | Elf:2    | Reached skill level 5 in Stealth
 40938 | Elf:3    | Offered knowledge of Starburst by Vehumet.
 41168 | Elf:3    | Noticed a Hell Sentinel
 41586 | Elf:3    | Identified the +1 chain mail of a bazaar {*Corrode rN+
                  | Int+2 Stlth+}
 41586 | Elf:3    | Noticed a deep elf master archer
 41882 | Elf:3    | Identified the +11 long sword "Goceaha Ajeu" {elec, rPois
                  | Dex+7 SInv}
 41883 | Elf:3    | jesus christ
 41889 | Elf:3    | found my rpois source lol
 41897 | Elf:3    | yoink
 41917 | Elf:3    | Killed a deep elf master archer
 41920 | Elf:3    | dodge this binch
 41982 | Elf:3    | Identified the +10 lajatang "Axa Ryfa" {vorpal, rPois rC++
                  | MP+9}
 41982 | Elf:3    | Identified the ring of Jiul Birch {rF+ Will+ rCorr Stlth-}
 41983 | Elf:3    | lmfao
 41994 | Elf:3    | oh what up
 41998 | Elf:3    | Noticed a deep elf blademaster
 42213 | Elf:3    | Learned a level 6 spell: Starburst
 42232 | Elf:3    | Identified the +3 trident of the Gloaming {vorpal, rC+
                  | Will+ SInv}
 42234 | Elf:3    | Identified the +7 hand axe of Bodily Harmony {venom, rPois
                  | rCorr}
 42244 | Elf:3    | Killed a deep elf blademaster
 42473 | Elf:3    | oh hell yes
 42475 | Elf:3    | Got the Catalogue of Congealing Companions
 42496 | Elf:3    | Got Kaw Udia's Volume of the Ashen Entourage
 42626 | Elf:3    | Lost mutation: You sometimes lose the ability to read
                  | scrolls when taking damage. [potion of mutation]
 42626 | Elf:3    | Lost mutation: You have sharp toenails. [potion of
                  | mutation]
 42626 | Elf:3    | Gained mutation: You possess an exceptional clarity of
                  | mind. [potion of mutation]
 42626 | Elf:3    | Gained mutation: Your mind is acute. (Int +2) [potion of
                  | mutation]
 42627 | Elf:3    | oh hell yeah
 42700 | Elf:3    | that would be a based necromancer weapon
 42864 | Orc:2    | ...
 42865 | Orc:2    | Bought a potion of magic for 104 gold pieces
 42865 | Orc:2    | Bought a potion of heal wounds for 65 gold pieces
 43050 | Swamp:1  | Entered Level 1 of the Swamp
 43697 | Swamp:1  | You fall into a shaft and drop 1 floor!
 44317 | Swamp:2  | Offered knowledge of Fire Storm by Vehumet.
 44317 | Swamp:2  | Offered knowledge of Shatter by Vehumet.
 44317 | Swamp:2  | Offered knowledge of Chain Lightning by Vehumet.
 44325 | Swamp:2  | daddy veh
 44811 | Swamp:2  | Reached XP level 18. HP: 152/152 MP: 3/36
 45174 | Swamp:2  | not bad?
 45645 | Swamp:3  | Reached skill level 5 in Necromancy
 46067 | Swamp:3  | Reached skill level 5 in Transmutations
 46849 | Swamp:3  | BLOOD
 46994 | Swamp:3  | oh fuck me
 47262 | Swamp:4  | Entered Level 4 of the Swamp
 47367 | Swamp:4  | owned
 47431 | Swamp:4  | the best spell in the game
 48513 | Swamp:4  | get owned binch
 49050 | Swamp:4  | Noticed a bone dragon
 49070 | Swamp:4  | Got a decaying rune of Zot
 49075 | Swamp:4  | godamn
 49154 | Swamp:4  | lmao
 49467 | D:12     | Killed Ickauwoh's ghost
 49640 | D:13     | Bought a book of Burglary for 140 gold pieces
 49644 | D:13     | Learned a level 3 spell: Swiftness
 49790 | D:14     | Found a gate to the Vaults.
 50798 | D:15     | Killed Kirke
 51136 | Snake:1  | Entered Level 1 of the Snake Pit
 52894 | Snake:1  | Reached XP level 19. HP: 160/160 MP: 38/38
 54052 | Snake:2  | Found a frozen archway.
 54076 | IceCv    | Entered an ice cave
 54193 | IceCv    | Found a transporter.
 54201 | IceCv    | Found a transporter.
 54376 | IceCv    | why
 54847 | Snake:2  | Noticed Vashnia
 55407 | Snake:2  | Killed Vashnia
 56283 | Snake:3  | Noticed Saint Roka
 56297 | Snake:3  | Killed Saint Roka
 56455 | Snake:3  | Reached skill level 5 in Long Blades
 56625 | Snake:3  | Noticed Mara
 56629 | Snake:3  | fukc
 56633 | Snake:3  | Noticed lawman0's illusion
 56643 | Snake:3  | Killed Mara
 56646 | Snake:3  | lol
 57463 | Snake:3  | Got the Volume of Supportive Transmigration
 57753 | Snake:3  | Noticed Aizul
 57758 | Snake:3  | Killed Aizul
 58202 | Snake:4  | Entered Level 4 of the Snake Pit
 59060 | Snake:4  | Noticed Agnes
 59061 | Snake:4  | sup
 59064 | Snake:4  | Killed Agnes
 59762 | Snake:4  | Reached XP level 20. HP: 111/169 MP: 7/39
 60079 | Snake:4  | Reached skill level 10 in Necromancy
 60311 | Snake:4  | Got a serpentine rune of Zot
 61023 | Vaults:1 | Entered Level 1 of the Vaults
 62001 | Vaults:1 | Reached skill level 10 in Dodging
 62816 | Vaults:1 | Learned a level 5 spell: Fireball
 64048 | Vaults:2 | Found Qoill's Jewellery Shop.
 65196 | Vaults:2 | Reached XP level 21. HP: 176/176 MP: 27/41
 65815 | Vaults:2 | Found a staircase to the Crypt.
 65966 | Vaults:2 | Noticed Boris
 65968 | Vaults:2 | haha yes
 65982 | Vaults:2 | Killed Boris
 65983 | Vaults:2 | Reached skill level 10 in Fire Magic
 66718 | Vaults:3 | Found a crumbling gateway.
 66762 | Desolati | Entered the Desolation of Salt
 67114 | Desolati | Found the +7 sceptre of Torment {pain, torment}
 67121 | Desolati | lmao
 67912 | Desolati | Identified the +7 arbalest of the Twenty Beds {penet, rF++
                  | rC+ rN++ Dex-2}
 67915 | Desolati | Identified the ring "Wontyghiuwk" {Drain Will+ Str+3 Int-4
                  | Dex+9}
 67924 | Desolati | Identified the +4 hand axe of Crusades {drain, Will+ Str+4}
 67926 | Desolati | Identified the +1 leather armour of Peek-a-Boo {Harm rElec
                  | Int+2 Slay-5}
 67927 | Desolati | Identified the +5 scale mail of Weirdness {rF- rN++}
 68374 | Desolati | Identified the amulet of the Empty Page {+Blink Regen+
                  | Str+3 Int+3}
 68387 | Desolati | Got the Tome of Confrontation
 68394 | Desolati | Learned a level 5 spell: Freezing Cloud
 68395 | Desolati | Identified the +7 fustibalus of Intuition {vorpal, rF+}
 68425 | Desolati | Identified the +10 short sword "Tawe" {venom, Contam Int+6}
 69691 | Vaults:3 | Noticed Boris
 69696 | Vaults:3 | Killed Boris
 71443 | Vaults:4 | Reached XP level 22. HP: 135/184 MP: 32/42
 72716 | Vaults:4 | Learned a level 5 spell: Borgnjor's Vile Clutch
 73719 | Depths:1 | Entered Level 1 of the Depths
 75252 | Depths:1 | Found a one-way gate leading to the halls of Pandemonium.
 75621 | Depths:1 | Found Veilomen's Jewellery Shop.
 76182 | Depths:2 | Noticed Boris
 76193 | Depths:2 | Killed Boris
 76234 | Depths:2 | Noticed Asterion
 76712 | Depths:2 | Noticed a golden dragon
 76717 | Depths:2 | Killed a golden dragon
 76814 | Depths:2 | Noticed a golden dragon
 76817 | Depths:2 | Killed a golden dragon
 76830 | Depths:2 | Killed Asterion
 76969 | Depths:2 | Noticed a caustic shrike
 77174 | Depths:2 | Killed a caustic shrike
 77281 | Depths:2 | Reached XP level 23. HP: 181/199 MP: 9/44
 77451 | Depths:2 | Paralysed by a sphinx for 3 turns
 77546 | Depths:2 | Reached skill level 10 in Fighting
 77829 | Depths:2 | Noticed a caustic shrike
 77833 | Depths:2 | Noticed a caustic shrike
 77834 | Depths:2 | Noticed a caustic shrike
 78046 | Depths:2 | Noticed Louise
 78052 | Depths:2 | Killed Louise
 78226 | Depths:2 | Found a one-way gate to the infinite horrors of the Abyss.
 78422 | Depths:2 | Killed a caustic shrike
 78425 | Depths:2 | Killed a caustic shrike
 78432 | Depths:2 | Killed a caustic shrike
 78726 | Depths:2 | Found an opulent altar of Gozag.
 79009 | Depths:3 | Upgraded the game from 0.28-a0-834-g1a73be5ee4 to
                  | 0.28-a0-845-gfc338a8e3c
 79056 | Depths:3 | Found a runed translucent door.
 79056 | Depths:3 | Found a burning altar of Makhleb.
 79613 | Depths:3 | Learned a level 9 spell: Fire Storm
 80113 | Depths:3 | Found a gateway to a ziggurat.
 80845 | Depths:3 | Got the Disquisition on Evil Attacks
 81356 | Depths:4 | Entered Level 4 of the Depths
 82913 | Depths:4 | Noticed Jory
 82921 | Depths:4 | Killed Jory
 83548 | Depths:4 | Found a gate to the Realm of Zot.
 83776 | Depths:3 | thicc
 83882 | Crypt:1  | Entered Level 1 of the Crypt
 83910 | Crypt:1  | Found a magical portal.
 83917 | WizLab   | Entered Borgnjor's Mausoleum
 83918 | WizLab   | uh oh
 85127 | WizLab   | Reached XP level 24. HP: 145/196 MP: 28/44
 86293 | Crypt:1  | Noticed Mennas
 86295 | Crypt:1  | nope
 86295 | Crypt:1  | nope
 86295 | Crypt:1  | noep
 86296 | Crypt:1  | Upgraded the game from 0.28-a0-845-gfc338a8e3c to
                  | 0.28-a0-863-g8cecda6153
 86596 | Crypt:1  | Acquired 969 gold pieces
 87472 | Crypt:2  | Reached skill level 10 in Shields
 87883 | Crypt:3  | Entered Level 3 of the Crypt
 88221 | Crypt:3  | Noticed a royal mummy
 88224 | Crypt:3  | Killed a royal mummy
 88338 | Crypt:3  | Noticed Khufu
 88340 | Crypt:3  | Reached skill level 15 in Fire Magic
 88343 | Crypt:3  | Killed Khufu
 88344 | Crypt:3  | fuck you
 89120 | Crypt:3  | Found an ancient bone altar of Kikubaaqudgha.
 89794 | Crypt:3  | Noticed an ancient lich
 89798 | Crypt:3  | Killed an ancient lich
 90648 | Crypt:3  | Found a staircase to the Tomb.
 90807 | Crypt:3  | oh
 90807 | Crypt:3  | yeah lets go do that
 90817 | Crypt:3  | Learned a level 8 spell: Necromutation
 91289 | Slime:1  | Entered Level 1 of the Pits of Slime
 92510 | Slime:3  | Reached XP level 25. HP: 226/226 MP: 43/45
 93487 | Slime:5  | Entered Level 5 of the Pits of Slime
 94483 | Slime:5  | Noticed the Royal Jelly
 94500 | Slime:5  | Killed the Royal Jelly
 94553 | Slime:5  | Identified the +8 broad axe of Unpleasantness {vorpal,
                  | *Slow Int+4 Dex+2}
 94559 | Slime:5  | Identified the +5 rapier of the Black Skies {distort,
                  | Dex+3}
 94574 | Slime:5  | Identified the +4 plate armour of Peek-a-Boo {rPois Str+4}
 94592 | Slime:5  | Identified the +5 ring mail of the Pit {rPois rCorr Str-3
                  | Int-5}
 94618 | Slime:5  | Identified the +6 flail of Conflict {vamp, Will+}
 94636 | Slime:5  | Got a slimy rune of Zot
 94657 | Slime:5  | Identified the +11 halberd "Qotatihe" {antimagic, rN+
                  | Int+4}
 95072 | D:2      | Bought 2 potions of magic for 384 gold pieces
 95114 | D:2      | Bought a book of Blood for 364 gold pieces
 95537 | Vaults:5 | Entered Level 5 of the Vaults
 95938 | Vaults:5 | Identified the +6 scimitar of Imompiex {vorpal, Fly Will+
                  | Str+4}
 96618 | Vaults:5 | Found Vuaj's Antique Weapon Shoppe.
 96622 | Vaults:5 | Bought a smoking long sword for 357 gold pieces
 96622 | Vaults:5 | Identified the +8 long sword of Insufficient Pleasure
                  | {flame, rElec Will++} (You bought it in a shop on level 5
                  | of the Vaults)
 96730 | Vaults:5 | Noticed a dread lich
 96733 | Vaults:5 | Killed a dread lich
 97029 | Vaults:5 | Found Fuit's Distillery.
 97040 | Vaults:5 | Bought a potion of mutation for 104 gold pieces
 97040 | Vaults:5 | Bought a potion of haste for 130 gold pieces
 97040 | Vaults:5 | Bought a potion of curing for 39 gold pieces
 97040 | Vaults:5 | Bought a potion of invisibility for 104 gold pieces
 97040 | Vaults:5 | Bought a potion of curing for 39 gold pieces
 97040 | Vaults:5 | Bought a potion of resistance for 130 gold pieces
 97040 | Vaults:5 | Bought a potion of brilliance for 52 gold pieces
 97040 | Vaults:5 | Bought a potion of heal wounds for 65 gold pieces
 97059 | Vaults:5 | Identified the +5 glaive "Bagodul" {drain, Dex+4}
 97147 | Vaults:5 | Reached XP level 26. HP: 238/238 MP: 13/45
 97177 | Vaults:5 | Noticed an ancient lich
 97732 | Vaults:5 | Found the +18 shield of the Gong {rElec rN+ Will+ EV-5}
 97733 | Vaults:5 | GONG
 97737 | Vaults:5 | GONG
 98220 | Vaults:5 | Killed an ancient lich
 98229 | Vaults:5 | Got a silver rune of Zot
 98506 | Vaults:5 | BRANG
 98506 | Vaults:5 | GONGGGGGGGGGGGGG
 98512 | Vaults:5 | how is stealth even real
 98971 | Zot:1    | Entered Level 1 of the Realm of Zot
101287 | Zot:2    | Reached skill level 15 in Fighting
103483 | Zot:3    | Noticed an orb of fire
103929 | Zot:3    | Reached XP level 27. HP: 251/251 MP: 20/46
104293 | Zot:3    | Lost mutation: You possess an exceptional clarity of mind.
                  | [an orb of fire]
104941 | Zot:3    | Killed an orb of fire
105493 | Zot:4    | Learned a level 2 spell: Passwall
105501 | Zot:4    | Learned a level 6 spell: Dispersal
107020 | Zot:5    | Entered Level 5 of the Realm of Zot
107715 | Zot:3    | GONG
107844 | Hell     | Entered the Vestibule of Hell
107844 | Hell     | Noticed Geryon
107847 | Hell     | Reached skill level 15 in Necromancy
107861 | Hell     | Found a gateway to the decaying netherworld of Tartarus.
107863 | Hell     | Reached skill level 5 in Translocations
107872 | Hell     | Killed Geryon
107917 | Hell     | Found a gateway to the ashen valley of Gehenna.
108675 | Hell     | Found a gateway to the freezing wastes of Cocytus.
108908 | Hell     | Found a gateway to the Iron City of Dis.
108915 | Dis:1    | Entered Level 1 of the Iron City of Dis
109022 | Hell     | lol I'm totally gonna die in a zig
109088 | Depths:3 | based
109088 | Depths:3 | lol I'm gonna die
109093 | Zig:1    | Entered Level 1 of a ziggurat
109141 | Zig:2    | Entered Level 2 of a ziggurat
109182 | Zig:2    | Got the Handbook of Enthralling Shape Shifting
109197 | Zig:3    | Entered Level 3 of a ziggurat
109276 | Zig:3    | Identified the +0 falchion "Aubergine" {freeze, Int+4}
109291 | Zig:4    | Entered Level 4 of a ziggurat
109371 | Zig:5    | Entered Level 5 of a ziggurat
109501 | Zig:6    | Entered Level 6 of a ziggurat
109512 | Zig:6    | Found the +7 Kryia's mail coat {PotionHeal*2 rC+}
109558 | Zig:6    | Identified the amulet "Joker" {Spirit *Slow rN+ rCorr}
109559 | Zig:6    | lmfao
109568 | Zig:6    | aw man
109571 | Zig:6    | Identified the +9 flail of the Endless Scars {venom, Str+5}
109579 | Zig:7    | Entered Level 7 of a ziggurat
109613 | Zig:7    | Identified the amulet "Juesamne" {RegenMP Int+2}
109632 | Zig:7    | Identified the +0 hat of Luigifi {+Inv Will++}
109678 | Zig:8    | Entered Level 8 of a ziggurat
109685 | Zig:8    | Found the +5 sword of Power {vorpal}
109685 | Zig:8    | Noticed an ancient lich
109688 | Zig:8    | Killed an ancient lich
109773 | Zig:8    | Lost mutation: Your magical capacity is low. (-10% MP)
                  | [potion of mutation]
109773 | Zig:8    | Lost mutation: You are robust. (+10% HP) [potion of
                  | mutation]
109773 | Zig:8    | Lost mutation: Your mind is acute. (Int +2) [potion of
                  | mutation]
109773 | Zig:8    | Gained mutation: Your spells are a little easier to cast,
                  | but a little less powerful. [potion of mutation]
109773 | Zig:8    | Gained mutation: You are weak. (Str -2) [potion of
                  | mutation]
109773 | Zig:8    | Gained mutation: You possess an exceptional clarity of
                  | mind. [potion of mutation]
109774 | Zig:8    | Lost mutation: You are weak. (Str -2) [potion of mutation]
109774 | Zig:8    | Lost mutation: You possess an exceptional clarity of mind.
                  | [potion of mutation]
109774 | Zig:8    | Gained mutation: Your spells are easier to cast, but less
                  | powerful. [potion of mutation]
109774 | Zig:8    | Gained mutation: You are weak. (Str -2) [potion of
                  | mutation]
109774 | Zig:8    | Gained mutation: A frigid envelope surrounds you and
                  | freezes all who hurt you. [potion of mutation]
109774 | Zig:8    | Gained mutation: You have sharp toenails. [potion of
                  | mutation]
109775 | Zig:8    | Lost mutation: You are weak. (Str -2) [potion of mutation]
109775 | Zig:8    | Lost mutation: Your spells are easier to cast, but less
                  | powerful. [potion of mutation]
109775 | Zig:8    | Lost mutation: Your spells are a little easier to cast, but
                  | a little less powerful. [potion of mutation]
109775 | Zig:8    | Gained mutation: Your body sometimes deteriorates upon
                  | taking damage. [potion of mutation]
109775 | Zig:8    | Gained mutation: You sometimes lose the ability to read
                  | scrolls when taking damage. [potion of mutation]
109776 | Zig:8    | Lost mutation: Your body sometimes deteriorates upon taking
                  | damage. [potion of mutation]
109776 | Zig:8    | Lost mutation: You have sharp toenails. [potion of
                  | mutation]
109776 | Zig:8    | Gained mutation: You have sharp fingernails. [potion of
                  | mutation]
109776 | Zig:8    | Gained mutation: Your natural rate of healing is unusually
                  | fast. [potion of mutation]
109777 | Zig:8    | oh hell yea
109793 | Zig:9    | Entered Level 9 of a ziggurat
110134 | Zig:10   | Entered Level 10 of a ziggurat
110228 | Zig:10   | Identified the +10 battleaxe of the Sky {flame, *Rage
                  | +Blink rElec rC++}
110231 | Zig:10   | Identified the +1 robe of Apoenezoel {Will++ Str+3 Dex+3}
110245 | Zig:11   | Entered Level 11 of a ziggurat
110257 | Zig:11   | Noticed Atan the pandemonium lord
110260 | Zig:11   | Killed Atan the pandemonium lord
110346 | Zig:12   | Entered Level 12 of a ziggurat
110354 | Zig:12   | Noticed a juggernaut
110354 | Zig:12   | Noticed a juggernaut
110357 | Zig:12   | Killed a juggernaut
110357 | Zig:12   | Killed a juggernaut
110452 | Zig:12   | Identified the ring "Joseiw" {Will++ Dex+6 Stlth+}
110461 | Zig:12   | Got the Guide on Stones
110475 | Zig:12   | Identified the +6 dagger of the Priest {spect, Stlth+}
110480 | Zig:12   | Got the Grimoire of Lethal Dislocation
110489 | Zig:13   | Entered Level 13 of a ziggurat
110505 | Zig:13   | Found the +2 hat of the Bear Spirit {Spirit, *Rage Will++}
110547 | Zig:13   | Identified the ring "Qedinotu" {rElec Will+ rCorr Dex+4
                  | Slay-5}
110557 | Zig:14   | Entered Level 14 of a ziggurat
110664 | Zig:14   | Identified the +0 hand axe of Fetokuicu {spect, Int+3}
110776 | Zig:15   | Entered Level 15 of a ziggurat
110787 | Zig:15   | Noticed Elusid the pandemonium lord
110788 | Zig:15   | Reached skill level 10 in Transmutations
110790 | Zig:15   | Noticed Umiureqae the pandemonium lord
110790 | Zig:15   | Noticed Ruhessax the pandemonium lord
110790 | Zig:15   | Noticed Ukkoasaq the pandemonium lord
110793 | Zig:15   | Killed Umiureqae the pandemonium lord
110793 | Zig:15   | Killed Ukkoasaq the pandemonium lord
110794 | Zig:15   | Killed Elusid the pandemonium lord
110796 | Zig:15   | Killed Ruhessax the pandemonium lord
110810 | Zig:15   | Identified the +0 cloak "Rempyuree" {rElec Dex+5 Slay+3
                  | SInv}
110819 | Zig:15   | Identified the ring "Tuic" {Fly rC- MP+9 Slay+4}
110877 | Zig:16   | Entered Level 16 of a ziggurat
110883 | Zig:16   | Noticed a juggernaut
110884 | Zig:16   | Reached skill level 15 in Shields
110884 | Zig:16   | Noticed a juggernaut
110885 | Zig:16   | Killed a juggernaut
110886 | Zig:16   | Killed a juggernaut
110886 | Zig:16   | Killed a juggernaut
110890 | Zig:16   | Noticed a juggernaut
110890 | Zig:16   | Noticed a juggernaut
110891 | Zig:16   | Killed a juggernaut
110891 | Zig:16   | Killed a juggernaut
110903 | Zig:16   | Identified the +8 mace of Odujic {antimagic, Will+ Int+2
                  | Dex+3 SInv}
110920 | Zig:16   | Identified the ring "Ezxeas" {Ice rCorr Stlth+}
110974 | Zig:17   | Entered Level 17 of a ziggurat
110990 | Zig:17   | Killed an ancient lich
110996 | Zig:17   | Found the +7 mace of Variability {chain chaos}
111024 | Zig:17   | Identified the +9 bardiche "Wazxum" {vorpal, MP-9 Int+6}
111030 | Zig:17   | Identified the amulet of the Special Artists {Reflect
                  | Regen+ Str+2 SH+5}
111031 | Zig:17   | oh
111041 | Zig:17   | Reached skill level 5 in Hexes
111063 | Zig:17   | Identified the +2 robe of Spring Thaw {rElec rPois Str-3
                  | Int+4}
111068 | Zig:17   | Identified the +7 mace of the Sugar Beet {vorpal, rCorr
                  | Dex+4 Stlth+}
111091 | Zig:17   | Learned a level 4 spell: Animate Dead
111162 | Zig:18   | Entered Level 18 of a ziggurat
111168 | Zig:18   | Noticed Fobadia the pandemonium lord
111169 | Zig:18   | Noticed Foiraykk the pandemonium lord
111170 | Zig:18   | Noticed Devem the pandemonium lord
111171 | Zig:18   | Noticed Wougur the pandemonium lord
111172 | Zig:18   | Noticed Edier the pandemonium lord
111173 | Zig:18   | Killed Fobadia the pandemonium lord
111173 | Zig:18   | Noticed Enga the pandemonium lord
111173 | Zig:18   | Noticed Ithruuck the pandemonium lord
111174 | Zig:18   | Noticed Leduij the pandemonium lord
111175 | Zig:18   | Killed Wougur the pandemonium lord
111175 | Zig:18   | Noticed Ifaamas the pandemonium lord
111176 | Zig:18   | Noticed Nigiav the pandemonium lord
111177 | Zig:18   | Killed Devem the pandemonium lord
111178 | Zig:18   | Killed Leduij the pandemonium lord
111178 | Zig:18   | Killed Edier the pandemonium lord
111178 | Zig:18   | Killed Enga the pandemonium lord
111178 | Zig:18   | Noticed Qeasosut the pandemonium lord
111178 | Zig:18   | Noticed Hasyz the pandemonium lord
111192 | Zig:18   | Killed Nigiav the pandemonium lord
111192 | Zig:18   | Killed Ifaamas the pandemonium lord
111193 | Zig:18   | oh well
111194 | Zig:18   | Killed Foiraykk the pandemonium lord
111211 | Zig:18   | Identified the ring of Rum Teyj {Wiz rCorr Int+2}
111212 | Zig:18   | Identified the +8 chain mail "Metya" {rElec rC+++ Int-5
                  | Dex-3}
111214 | Zig:19   | Entered Level 19 of a ziggurat
111360 | Zig:19   | OH MY FUCKING GOD
111370 | Zig:19   | Learned a level 9 spell: Death's Door
111417 | Zig:19   | Identified the ring "Ugruxuovia" {Fly Will+ Str+6}
111429 | Zig:19   | Identified the +9 dagger of the Lair of Beasts {freeze,
                  | *Corrode rN+ Str+4 Dex-3}
111443 | Zig:19   | Lost mutation: You sometimes lose the ability to read
                  | scrolls when taking damage. [potion of mutation]
111443 | Zig:19   | Lost mutation: Your natural rate of healing is unusually
                  | fast. [potion of mutation]
111443 | Zig:19   | Gained mutation: You have hidden genetic defects. [potion
                  | of mutation]
111443 | Zig:19   | Gained mutation: Your mind is acute. (Int +2) [potion of
                  | mutation]
111444 | Zig:19   | Lost mutation: You have sharp fingernails. [potion of
                  | mutation]
111444 | Zig:19   | Lost mutation: Your mind is acute. (Int +2) [potion of
                  | mutation]
111444 | Zig:19   | Gained mutation: You occasionally shout uncontrollably at
                  | your foes. [potion of mutation]
111444 | Zig:19   | Gained mutation: You frequently scream uncontrollably at
                  | your foes. [potion of mutation]
111444 | Zig:19   | Gained mutation: You are partially covered in large bone
                  | plates. (SH +4) [potion of mutation]
111445 | Zig:19   | Lost mutation: A frigid envelope surrounds you and freezes
                  | all who hurt you. [potion of mutation]
111445 | Zig:19   | Lost mutation: You frequently scream uncontrollably at your
                  | foes. [potion of mutation]
111445 | Zig:19   | Gained mutation: Your magical capacity is low. (-10% MP)
                  | [potion of mutation]
111445 | Zig:19   | Gained mutation: You sometimes lose the ability to read
                  | scrolls when taking damage. [potion of mutation]
111446 | Zig:19   | Lost mutation: You sometimes lose the ability to read
                  | scrolls when taking damage. [potion of mutation]
111446 | Zig:19   | Lost mutation: You have hidden genetic defects. [potion of
                  | mutation]
111446 | Zig:19   | Gained mutation: You are frail. (-10% HP) [potion of
                  | mutation]
111446 | Zig:19   | Gained mutation: You passively map a small area around you.
                  | [potion of mutation]
111447 | Zig:19   | Lost mutation: You are frail. (-10% HP) [potion of
                  | mutation]
111447 | Zig:19   | Lost mutation: Your magical capacity is low. (-10% MP)
                  | [potion of mutation]
111447 | Zig:19   | Lost mutation: You occasionally shout uncontrollably at
                  | your foes. [potion of mutation]
111447 | Zig:19   | Gained mutation: You passively map the area around you.
                  | [potion of mutation]
111447 | Zig:19   | Lost mutation: You passively map the area around you.
                  | [potion of mutation]
111447 | Zig:19   | Gained mutation: You have a beak for a mouth. [potion of
                  | mutation]
111483 | Zig:20   | Entered Level 20 of a ziggurat
111524 | Zig:20   | Identified the ring "Igefalun" {EV+4 Str-2 Int+2 Dex+6}
111577 | Zig:21   | Entered Level 21 of a ziggurat
111591 | Zig:21   | Noticed a dread lich
111594 | Zig:21   | Killed a dread lich
111595 | Zig:21   | Killed an ancient lich
111599 | Zig:21   | Noticed an ancient lich
111602 | Zig:21   | Killed an ancient lich
111619 | Zig:21   | Identified the +6 chain mail of the Yeti {rElec Str+4 Int+8
                  | Stlth-}
111621 | Zig:21   | Identified the +6 quarterstaff of Sobik {freeze, rElec rC-
                  | Str+2 Stlth+}
111627 | Zig:21   | Identified the ring "Wiskomi" {Fire Str+3 Stlth+}
111651 | Zig:21   | Got Ymuqolem's Almanac of Lethal Transformation
111653 | Zig:21   | Identified the +0 chain mail of Timae {rElec}
111732 | Zig:22   | Entered Level 22 of a ziggurat
111764 | Zig:22   | Found the +5 demon whip "Spellbinder" {antimagic, Will+}
111766 | Zig:22   | Found the +0 mask of the Dragon {Will+ Slay+3 SInv}
111787 | Zig:22   | Identified the +0 pair of gloves of Card Tricks {+Inv
                  | Dex+4}
111902 | Zig:23   | Entered Level 23 of a ziggurat
111926 | Zig:23   | Noticed Udiwnu Jusm the pandemonium lord
111930 | Zig:23   | Reached skill level 15 in Dodging
111931 | Zig:23   | Killed Udiwnu Jusm the pandemonium lord
112101 | Zig:23   | Identified the +1 morningstar of Subjectivity {flame, rC+
                  | Int+3 Dex-4}
112109 | Zig:23   | Identified the ring "Arunu" {rF+ Int+3}
112131 | Zig:23   | Identified the +2 mace "Globulus" {venom, Int+4 SInv}
112154 | Zig:24   | Entered Level 24 of a ziggurat
112159 | Zig:24   | lol I'm gonna die
112218 | Zig:24   | Identified the ring "Tookaum" {rF+ rC+}
112222 | Zig:24   | Identified the +1 helmet of the Present {Str-2 Int+3 Dex+2}
112224 | Zig:24   | Identified the +9 scythe "Opitylul" {vorpal, rPois rF+
                  | Str+3 Int+4}
112229 | Zig:24   | Identified the +3 flail "Qukkekui" {flame, Dex+3}
112263 | Zig:25   | Entered Level 25 of a ziggurat
112284 | Zig:25   | Reached skill level 5 in Evocations
112293 | Zig:25   | Noticed a dread lich
112295 | Zig:25   | Killed a dread lich
112297 | Zig:25   | Noticed a dread lich
112298 | Zig:25   | Killed a dread lich
112299 | Zig:25   | Killed a dread lich
112300 | Zig:25   | Reached skill level 27 in Fire Magic
112300 | Zig:25   | lmao hell yeah
112300 | Zig:25   | Noticed a dread lich
112300 | Zig:25   | Noticed an ancient lich
112302 | Zig:25   | Killed a dread lich
112302 | Zig:25   | Killed an ancient lich
112306 | Zig:25   | Noticed a dread lich
112306 | Zig:25   | Noticed an ancient lich
112307 | Zig:25   | Killed a dread lich
112307 | Zig:25   | Killed an ancient lich
112391 | Zig:25   | Reached skill level 1 in Slings
112396 | Zig:25   | Identified the +7 war axe of Destiny {elec, rPois Str-4
                  | Int+2}
112401 | Zig:25   | Reached skill level 1 in Axes
112401 | Zig:25   | Reached skill level 1 in Polearms
112401 | Zig:25   | Reached skill level 1 in Bows
112401 | Zig:25   | Reached skill level 1 in Crossbows
112401 | Zig:25   | Reached skill level 1 in Throwing
112413 | Zig:25   | Identified the ring "Duuto" {Fly Int+6 Stlth+}
112436 | Zig:25   | Identified the +1 robe "Jeggan" {Dex+4}
112459 | Zig:26   | Entered Level 26 of a ziggurat
112469 | Zig:26   | Noticed a dread lich
112472 | Zig:26   | Killed a dread lich
112474 | Zig:26   | Noticed an ancient lich
112476 | Zig:26   | Killed an ancient lich
112478 | Zig:26   | Noticed a dread lich
112478 | Zig:26   | Noticed an ancient lich
112478 | Zig:26   | Noticed a dread lich
112480 | Zig:26   | Noticed an ancient lich
112481 | Zig:26   | Killed an ancient lich
112481 | Zig:26   | Killed a dread lich
112482 | Zig:26   | Killed an ancient lich
112485 | Zig:26   | Killed a dread lich
112499 | Zig:26   | Noticed a dread lich
112503 | Zig:26   | Killed a dread lich
112507 | Zig:26   | Reached skill level 15 in Transmutations
112608 | Zig:26   | Found the +5 scythe "Finisher" {speed, eviscerate}
112619 | Zig:26   | Found the ring of the Hare {EV+8}
112621 | Zig:26   | Identified the +0 swamp dragon scales of Tijeucw {rPois rF+
                  | Slay+2}
112622 | Zig:26   | Identified the +11 long sword of Insomnia {drain, *Corrode
                  | rElec Str+6}
112630 | Zig:26   | Identified the +6 dagger of the Dancing Viper {freeze,
                  | Drain Will+++ Str+3 Dex-4}
112640 | Zig:26   | Identified the amulet "Ejuvenal" {Acrobat rPois rCorr Dex-4
                  | Slay+2}
112643 | Zig:26   | Got the Handbook of Displacement and Hexes
112645 | Zig:26   | Identified the ring "Uregry" {Fire rN++ MP+9 Str-4}
112651 | Zig:26   | Identified the ring "Ibyfaipp" {rF+ Str-4 Dex+3 SInv}
112705 | Zig:27   | Entered Level 27 of a ziggurat
112727 | Zig:27   | Reached skill level 10 in Translocations
112728 | Zig:27   | oh my god
112750 | Zig:27   | Found the +0 staff of Battle
112760 | Zig:27   | \o/ !!!!!!!!!!!!!!!!!!!!!
112769 | Zig:27   | Identified the +4 morningstar "Jellybane" {pain, rPois
                  | Int+4}
112770 | Zig:27   | Identified the ring "Pofa Bif" {rPois rN+ Int+5 Stlth-}
112773 | Zig:27   | lmao
112783 | Zig:27   | lmao hell yeah
112787 | Zig:27   | YOINK
112789 | Zig:27   | Identified the +5 mace of Beastly Subterfuge {holy, Contam
                  | Fly Dex+5 SInv}
112804 | Zig:27   | Identified the ring of Doqil {rN+ Str+4}
112808 | Zig:27   | Identified the ring "Finireum" {rC+ Will+ Int+6 Dex+3}
112885 | Zig:27   | Identified the +11 flail of Dissolution {drain, rF- Str+7
                  | Dex+3 SInv}
112988 | Zig:27   | nice
113023 | Depths:3 | lmfao shut up crawl
113458 | Vaults:5 | Identified the ring of the Madman {rF+ rN+ Dex+6 Slay+2}
113644 | Vaults:5 | Lost mutation: You have a beak for a mouth. [potion of
                  | mutation]
113644 | Vaults:5 | Gained mutation: You expend magic power (3 MP) to
                  | strengthen your wands. [potion of mutation]
113644 | Vaults:5 | Gained mutation: You occasionally shout uncontrollably at
                  | your foes. [potion of mutation]
113644 | Vaults:5 | Gained mutation: You are strong-willed. (Will+) [potion of
                  | mutation]
113645 | Vaults:5 | Lost mutation: You passively map a small area around you.
                  | [potion of mutation]
113645 | Vaults:5 | Lost mutation: You occasionally shout uncontrollably at
                  | your foes. [potion of mutation]
113645 | Vaults:5 | Gained mutation: Your magical capacity is low. (-10% MP)
                  | [potion of mutation]
113645 | Vaults:5 | Gained mutation: You occasionally shout uncontrollably at
                  | your foes. [potion of mutation]
113645 | Vaults:5 | Gained mutation: You are weak. (Str -2) [potion of
                  | mutation]
113646 | Vaults:5 | Lost mutation: You are weak. (Str -2) [potion of mutation]
113646 | Vaults:5 | Lost mutation: You expend magic power (3 MP) to strengthen
                  | your wands. [potion of mutation]
113646 | Vaults:5 | Gained mutation: You have large cloven feet. [potion of
                  | mutation]
113646 | Vaults:5 | Gained mutation: You are agile. (Dex +2) [potion of
                  | mutation]
113647 | Vaults:5 | Lost mutation: You have large cloven feet. [potion of
                  | mutation]
113647 | Vaults:5 | Lost mutation: Your magical capacity is low. (-10% MP)
                  | [potion of mutation]
113647 | Vaults:5 | Gained mutation: You have an increased reservoir of magic.
                  | (+10% MP) [potion of mutation]
113647 | Vaults:5 | Gained mutation: You have sharp fingernails. [potion of
                  | mutation]
113647 | Vaults:5 | Gained mutation: You sometimes lose the ability to read
                  | scrolls when taking damage. [potion of mutation]
113647 | Vaults:5 | Gained mutation: You have a pair of small horns on your
                  | head. [potion of mutation]
113648 | Vaults:5 | Lost mutation: You have a pair of small horns on your head.
                  | [potion of mutation]
113648 | Vaults:5 | Lost mutation: You are agile. (Dex +2) [potion of mutation]
113648 | Vaults:5 | Lost mutation: You occasionally shout uncontrollably at
                  | your foes. [potion of mutation]
113648 | Vaults:5 | Lost mutation: You are strong-willed. (Will+) [potion of
                  | mutation]
113648 | Vaults:5 | Lost mutation: You have an increased reservoir of magic.
                  | (+10% MP) [potion of mutation]
113648 | Vaults:5 | Gained mutation: Your body sometimes deteriorates upon
                  | taking damage. [potion of mutation]
113648 | Vaults:5 | Gained mutation: You are agile. (Dex +2) [potion of
                  | mutation]
113649 | Vaults:5 | Lost mutation: You are agile. (Dex +2) [potion of mutation]
113649 | Vaults:5 | Lost mutation: You sometimes lose the ability to read
                  | scrolls when taking damage. [potion of mutation]
113649 | Vaults:5 | Gained mutation: Your magical capacity is low. (-10% MP)
                  | [potion of mutation]
113649 | Vaults:5 | Gained mutation: You expend magic power (3 MP) to
                  | strengthen your wands. [potion of mutation]
113650 | Vaults:5 | Lost mutation: You have sharp fingernails. [potion of
                  | mutation]
113650 | Vaults:5 | Lost mutation: You expend magic power (3 MP) to strengthen
                  | your wands. [potion of mutation]
113650 | Vaults:5 | Gained mutation: Your tail ends in a venomous barb. [potion
                  | of mutation]
113650 | Vaults:5 | Gained mutation: You sometimes lose the ability to read
                  | scrolls when taking damage. [potion of mutation]
113650 | Vaults:5 | Gained mutation: Your tail ends in a sharp venomous barb.
                  | [potion of mutation]
113651 | Vaults:5 | Lost mutation: Your magical capacity is low. (-10% MP)
                  | [potion of mutation]
113651 | Vaults:5 | Lost mutation: Your body sometimes deteriorates upon taking
                  | damage. [potion of mutation]
113651 | Vaults:5 | Gained mutation: You have a pair of small horns on your
                  | head. [potion of mutation]
113652 | Vaults:5 | Lost mutation: Your tail ends in a sharp venomous barb.
                  | [potion of mutation]
113652 | Vaults:5 | Lost mutation: Your tail ends in a venomous barb. [potion
                  | of mutation]
113652 | Vaults:5 | Gained mutation: Your mind is acute. (Int +2) [potion of
                  | mutation]
113653 | Vaults:5 | Lost mutation: Your mind is acute. (Int +2) [potion of
                  | mutation]
113653 | Vaults:5 | Lost mutation: You have a pair of small horns on your head.
                  | [potion of mutation]
113653 | Vaults:5 | Gained mutation: You have sharp fingernails. [potion of
                  | mutation]
113653 | Vaults:5 | Gained mutation: You have a pair of small antennae on your
                  | head. [potion of mutation]
113654 | Vaults:5 | Lost mutation: You sometimes lose the ability to read
                  | scrolls when taking damage. [potion of mutation]
113654 | Vaults:5 | Lost mutation: You are partially covered in large bone
                  | plates. (SH +4) [potion of mutation]
113654 | Vaults:5 | Lost mutation: You have sharp fingernails. [potion of
                  | mutation]
113769 | Vaults:2 | lol lets do tomb
113769 | Vaults:2 | DEATH
113862 | Tomb:1   | Entered Level 1 of the Tomb of the Ancients
114110 | Tomb:1   | Noticed a royal mummy
114140 | Tomb:1   | Killed a royal mummy
114550 | Tomb:1   | Noticed a royal mummy
114553 | Tomb:1   | Killed a royal mummy
114710 | Tomb:1   | Noticed a royal mummy
114713 | Tomb:1   | Killed a royal mummy
115230 | Tomb:2   | Noticed a royal mummy
115230 | Tomb:2   | Noticed a royal mummy
115231 | Tomb:2   | Noticed a royal mummy
115231 | Tomb:2   | Noticed a royal mummy
115238 | Tomb:2   | Killed a royal mummy
115243 | Tomb:2   | Killed a royal mummy
115244 | Tomb:2   | Killed a royal mummy
115246 | Tomb:2   | Killed a royal mummy
116014 | Tomb:1   | Noticed a royal mummy
116018 | Tomb:1   | Killed a royal mummy
116027 | Tomb:1   | Noticed a royal mummy
116029 | Tomb:1   | Noticed a royal mummy
116030 | Tomb:1   | Killed a royal mummy
116032 | Tomb:1   | Killed a royal mummy
116039 | Tomb:1   | Noticed a royal mummy
116055 | Tomb:1   | Killed a royal mummy
116088 | Tomb:1   | Noticed a royal mummy
116092 | Tomb:1   | Killed a royal mummy
116096 | Tomb:1   | Noticed a royal mummy
116098 | Tomb:1   | Noticed a royal mummy
116103 | Tomb:1   | Killed a royal mummy
116103 | Tomb:1   | Noticed a royal mummy
116380 | Tomb:1   | Noticed a royal mummy
116383 | Tomb:1   | Killed a royal mummy
116383 | Tomb:1   | Noticed a royal mummy
116386 | Tomb:1   | Killed a royal mummy
116422 | Tomb:1   | Killed a royal mummy
116433 | Tomb:1   | Noticed a royal mummy
116434 | Tomb:1   | Noticed a royal mummy
116650 | Tomb:1   | Killed a royal mummy
116658 | Tomb:1   | Killed a royal mummy
116659 | Tomb:1   | Killed a royal mummy
116744 | Tomb:1   | Noticed a royal mummy
116748 | Tomb:1   | Killed a royal mummy
116952 | Tomb:1   | Noticed a royal mummy
116956 | Tomb:1   | Killed a royal mummy
116956 | Tomb:1   | Killed a royal mummy
117074 | Tomb:1   | Noticed a royal mummy
117078 | Tomb:1   | Killed a royal mummy
117231 | Tomb:1   | Noticed a royal mummy
117236 | Tomb:1   | Killed a royal mummy
117340 | Tomb:2   | Reached skill level 27 in Spellcasting
117785 | Tomb:3   | Entered Level 3 of the Tomb of the Ancients
117794 | Tomb:3   | Noticed a royal mummy
117798 | Tomb:3   | Noticed a royal mummy
117800 | Tomb:3   | Killed a royal mummy
117800 | Tomb:3   | Noticed a royal mummy
117801 | Tomb:3   | Noticed a royal mummy
117809 | Tomb:3   | Killed from afar by an ancient champion

Illustrated notes ... ##......##. ...###.......... .....#.....##... # ........#### ##. .# .....#..## ... #....##..## .... ##.. ##..######....# ##. ###.....#...).# # #.....@.....# ........###....# .#......# ##...# ###...## #..... ##..# ....# #..# #...# ..# ..## ... .## Turn 4344 on D:4: :( ..>............###......# ##..........#...........# ####............#......# #...........##......# ######.....##...##......# ...###.###......######### #.............#.§# #............###.# #............###@###### #.........##..........# ..........##..........# ........).............# ......................#### #.........########.......# ..)......## ##..<.(.# .........# #......# ......)..# ######## Turn 11962 on D:7: owned ♣.♣♣ ♣♣##### ....♣ ♣♣.....## .....♣♣♣.......## ≈≈≈...♣...≈≈≈...# ≈≈≈≈.....≈≈≈≈≈..## ≈_≈○○....≈≈♣≈≈...# ≈≈≈°☼○...≈≈)≈≈...# o≈...♣@..≈≈≈....# .... ♣♣.).......# .. ♣♣.......## ♣♣.......# #.......# ##.......## #########.........### #..................(# ##########..)................# Turn 12062 on D:7: owned ### ... ####...# ...### ####@...$.# ...#.####..†..#..... .........##...#.## ... ......#........##.. . ......##.......#..... ...(.. #..........##... ......###.....#.### .. .......#......### ##...### ...........##..# .......# Turn 12412 on D:8: sick .# #.# #.....#.# ##.## .# #.# ###.###.# ##.#.## .# #.# #...##.###.###.##### .# #.# #.........## ##..... .# #.#####...##.###.###.##### .# #........###.# ##.#.## .# #.######.###.# ##.####### .# #.######..##.# #........ .#######)#......@...# ######### ...........##.###.### ########......# #.# ######.###.# ##...## ##### Turn 12597 on D:2: hell yeah .# #.# #.....#.# ##.## .# #.# ###.###.# ##.#.## .# #.# #...##.###.###.##### .# #.# #.........## ##..... .# #.#####...##.###.###.##### .# #........###.# ##.#.## .# #.######.###.# ##.####### .# #.######..##.# #........ .#######)#......@...# ######### ...........##.###.### ########......# #.# ######.###.# ##...## ##### Turn 12601 on D:2: lol *,***** ##..# ,,,,,,* #..# ,,,,,,** ####### #..# ,,,,,,,* ##P#.#.## ##.##*# ,.,,,,** ##.......######...##. ,...,,* #####P.....<....#P#P.##.. ,.....###..F........÷............ ,.........<#.........###^##...#.# ,.......#####...@#.### ####○..#*# ......##* *##.#l.## ##.### #.P..** *...§§## #..# ..####### ##.P§§#* ##.## .....P#.###*..§§§§#***** #..# ......l#..##..§§Y.#,,,,* #.## .....#.YlY#..(....+,,,,* ##+.#### .....F##...........**,,**#.....#. ....F.#..[.#....,,,**,,,,+...}... Turn 29525 on Lair:4: lol *,*,.....###............... **,,.........<#.........### *#,.......#####...>#.### # *,......##* ###.#..## ###.P..** #.....## #...####### ##....## #.......#.####......###### *#.......#..##......#...P# ##.....#†@..#..(....+....# #.....†.##...........##..# ##.......#..[.#.......##... #.......P####.+.......##### ##.....PP# ##.......## #.....P## ##...)...# **#P$.....# ##.....(.# *,#.PP...## #..#..#### *......>## ##.#.)# Turn 29763 on Lair:4: lmao ##.......# ##.......## #......## ##...)...# #*#.......# ##.....(.# #.#......## #..#..#### #......>## ##.#.)# #........# ##...## #........### ##...# *#..........## ##.### #.........+@.#** ##)#.# #..........#...#**#....##### ##........###.?...##..#..##. *?........# *#.............. *#.+.##.#.#**,..####...##### ##.#*#####,,,,...*##..# # *..,****,*,,,,,.k##..##**** *,,,,,,**,,,,,,...##'#**,** ***,,,,,,,,,,>,,,,,...,,,*, Turn 29782 on Lair:4: oh hell yes #...####.#.......## *......##.........# *##.....†....>..... #P..#............. ##.......#.......#. #........#.......#. ##.......###...###, #...............#,, #.@...........P##,, #...........#.##*,* ##...(......#** *** #.######P### ### *## Turn 29848 on Lair:4: haha yes ################ ≈§§≈≈§§≈≈≈≈≈≈≈# ##########§≈≈§≈§≈≈≈§≈≈# ....).#.....≈≈≈§≈≈≈§§§# .8.8..#........§§§≈§§≈# 8.#...'...._....@§§§≈≈# .8.#..#..........≈≈§§≈# #.8...#........≈≈§≈≈≈§# .#.8..###############≈# 8.8...'.............# # ......#...8....8....# #######.............# ######''####### ♣♣ ♣....♣ Turn 32496 on Lair:6: booo ○☼ ..#....... ####### .......... .... ....... ...$.....# ... ..... .........#......#####... .........#.......#.#.... #....>...#.....#.....#.) ....#.†*.#....###...###. # .......@.#..#..#.....#.. ## ### ##.$.#......##...#∩#...# .####.## ### ##.....#....∩.∩.... #.##...###.#####.....##...#∩#...# ...##..##...##....#..#..#.....#.. ..##.......#......#....###...###. #......#..........#.....#.....#.. ......#...........#.......#.#.... #.................#......#####... Turn 34545 on Orc:2: haha yes ##.## ##.#.## #...# ##.....# #...###......## .....#........# .............## ...........###### .......#......#.## ......#..........### ................@#..## ......................## ### .....###############÷..###.## ....##.... ........##...#...# ...# ... .......##..##.## ...#......#####......#...#.## ...#.......#.#.......#..†...## ...#.....#.....#.)...#.....#.## †..#....###...###....#.^..#...# Turn 34600 on Orc:2: yes ......#######....####.....# ###.. ..>..'## #..#'# ##.....## ##' ######.## ####.# #.......# #. ##.## #.# #.......# #. ##e## ###'###.......# #. #.)####.....##.....## #. #.#e##.......'#....'## #. .).##')........###'##.####+ ...'.##.)...@9....##.###.##.. .....####..)........##.# ##'... .########...).......##(# #.... #.'....'..).)......##.# #.... #.######...........##)# #.... #[# ##.........###)# ##... ### ##.......'###)### ##.. ##.....##'..)..# ### #########..>..## Turn 36273 on Elf:1: come on dude

.........##.............##...#...
........##...............##..##.#
........#......#####......#...#.#
........#.......#.#.......#..÷...
....>...#.....#.....#.)...#.....#
...#....#....###...###....#.^..#.
........#..#..#.....#..#.[#......
#...#......##...#∩#...##)))......
##.###.....#....@.∩....#.)[[.....
.#####.....##...#∩#...##.)[[)....
..##....#..#..#.....#..#.)#[[.#.#
.#......#....###...###....#.[....
........#.....#.....#.....#......
........#.......#.#.......#......
........#......#####......#..[...
..)..#..##...............##[.)...
.........##.............##...#...


Turn 38617 on Orc:2: is there seriously no rpois ###########****
####..........,,,**** ###............#,*,,,,** ##......@...))...,**,,,,,
#.....#.(.#####e,,,,**,,, ##....###..#,,,****,,,*,,. #....###...#,,,,,,***ee.,,
#.....#...[#,,,,,,,,,...#* ##...###...##,,,,,,,,,,...#
#.....#.[..#,,,,,,,,,,,,#.. #...###....#,,,,****,,,,#.. #..###....##,,,**
**,,,*#. Turn 41883 on Elf:3: jesus christ ###########**** ####..........,,,****
###.....@.○○.).#,*,,,,*** ##..........)○...,**,,,,,* #.....#.(.#####..,,,**,,,,
##....###..#,,,****,,,*,,.. #....###...#,,,,,,***ee.,,.
#.....#...[#,,,,,,,,,...#*. ##...###...##,,,,,,,,,,...#*
#.....#.[..#,,,,,,,,,,,,#.., #...###....#,,,,****,,,,#..# Turn 41889 on Elf:3:
found my rpois source lol ############### ####.............#***
###..........[.#.#,,,,*** ##..........)@....#*,,,,,**
#.....#.(.#####.....#*,,,,* ##....###..#,,,*###...#,,..#*
#....###...#,,,,,,**#...,,..* #.....#...[#,,,,,,,,,...#*..*
##...###...##,,,,,,,,,,...#*.## #.....#.[..#,,,,,,,,,,,,#..,..#
#...###....#,,,,****,,,,#..##.# #..###....##,,,** **,,,*#..#.# Turn 41897 on
Elf:3: yoink ############### ####...........@.#### ##..........[.#.#.(..###
..........))....##...).## ....#.(.#####.....##....# ...###..#,,,####...#....#*
..###...#,,,,,,###.......# ...#...[#,,,,,,e.....##..#
.###...##,,,,.........##.## ..#.[..#,,,,,.......#..,..# Turn 41920 on Elf:3:
dodge this binch ############### ###.............#### ..........[.#.#.(..###
........))....##)..).## ..#.(.#####.....##....# .###..#,,,####...#....##
###...#,,,,,,###@......# .#...[#,,..........##..# ##...##,,...........##.##
#.[..#,,,.........#.....# #....#,,,.####....#..##.# ....##,,,** ##...##..#.#
....#,,,,* #....#....# ...##,,,,* #....#....# .###,,,,,** **,,,,##...# Turn
41983 on Elf:3: lmfao ############### ####.............####
##..........[.#.#.(..### ..........))....##)..).## ....#.(.#####.....##....#
...###..#...####...#....## ..###...#......###.......# ...#...[#............##..#
.###...##...)○°.@.....##.## ..#.[..#........○...#.....#
###....#....####.○..#..##.# ##....##...** ##*..##..#.# #.....#...,* #....#....#
.....##..,,* #....#....# ...###,.,,,** *#...e##...# ####,,,,,,,,****......#...#
#,,,,,,,,,,,,,,,,,,,,,#...# Turn 41994 on Elf:3: oh what up ##### *,,,*,,.#*
##........### ≈≈≈≈# *,,,*,,,* #.....####.. #≈≈≈## *),,*,.,* #...###..... ##§≈≈#
*.),**..** ##..##....... (##≈≈# *#(.,*...####...#.......# .)####
#)}(*#........##)....### ..##♣# #|||)*#.....⌠.#.=..##.## '##..#
*#):.:###.....#)..####.. ..)..# #()}).@####'##..###.... ..).##
##:(....)).)#....#..... .#### ###}.:::.|.#.)........ ## ####...|:#.......### #
#######.####### # #.)# #.## #.# #)# Turn 42473 on Elf:3: oh hell yes
############## .............#### .......[.#.#.(..### .....)).).)##)..@.##
.(.#####.....##....# #..#...####.).#....## ...#......###.......#
..[#............##..# ..##...)..=..)...##.## ..#.........)..#.....#
..#....####....#..##.# .##...## ##...##..#.# Turn 42627 on Elf:3: oh hell yeah
##...###...##...)..=..) #.....#.[..#.........). #...###....#....####...
#..###....##...## ##.. #)..#.....#....# #.. ###########.)......##....# #..
..)...))..#[.....###.....## ##.. #########.)...####........####...
#######.@................ #)..')⌠..####.......... ####### #}).#...## ##........#
§≈≈≈≈≈# #..}#...# #.....#### ###≈≈≈## #)..#...# #...###... #.##§≈≈# #.)|##..##
##..##..... ..(##≈≈# ##(.)#...####...#...... ...)#### #)}(##........##)....#
....##♣# #|||)##.....⌠.#.=..##. Turn 42700 on Elf:3: that would be a based
necromancer weapon .......##...............##..##.##
.......#......#####......#...#.## .......#.......#.#.......#..÷...#
...>...#.....#.....#.)...#.....#. ..#....#....###...###....#.^..#..
.......#..#..#.....#..#.[#....... ...#......##...#∩#...##))).......
#.###.....#....∩.∩....#.)[[.....# #####.....##...#@#...##.)[[)....#
.##....#..#..#.....#..#.)#[[.#.#. #......#....###...###....#.[.....
.......#.....#.....#.....#....... .......#.......#.#.......#.......
.......#......#####......#..[.... .)..#..##...............##[.)....
........##.............##...#.... .........###############.[[.#...# Turn 42864
on Orc:2: ... ≈≈≈≈≈.≈≈°≈#♣.♣ ♣♣ ♣≈≈§.. ♣†♣.. .. ♣≈♣≈≈♣♣≈≈.#.# ♣≈≈≈♣≈♣§#..#
♣...≈♣○.☼♣.♣ ♣≈.....≈#..♣ ♣♣≈..≈≈≈§☼.♣ ♣...≈≈≈≈≈♣..♣ ♣♣.≈≈@)≈°°♣♣.♣ ♣≈.≈≈≈≈≈≈≈♣
♣.♣ ♣♣.≈≈≈.≈≈..## ## ♣♣...........♣ ≈...........♣♣ ♣..########...♣♣♣♣ ♣..
#.....≈≈..♣ .....#..≈≈≈.♣♣♣ .÷#.....≈≈≈≈^≈♣♣ Turn 44325 on Swamp:2: daddy veh
.♣.....♣♣♣.♣♣♣≈....≈♣♣....♣ .♣.....♣♣♣..♣♣≈.....≈....♣ .#.....#♣.♣♣.#≈.≈.♣≈..♣.♣
♣ ♣♣.♣♣♣.#.♣♣♣.♣≈♣≈.≈≈...♣♣.♣ .♣♣.♣.♣♣.♣...#≈...≈....≈..♣
.≈.♣♣♣.≈.♣...≈.≈.≈.≈≈...♣♣≈♣ .♣♣.♣.≈♣♣♣.♣♣♣......♣≈..♣ ♣♣.♣≈♣.♣♣.♣♣
#≈...≈≈...♣≈♣ .♣...÷.≈♣♣.♣♣#.♣@...♣.♣♣♣♣ .#.....≈♣♣♣.♣#≈..≈≈..♣♣ .#.....≈♣
♣♣.♣≈≈≈≈)≈♣♣ ♣#♣...≈#♣♣♣.♣♣≈≈≈≈≈≈≈♣♣ ♣ ♣≈.♣♣# ♣.♣♣♣≈≈≈≈..≈≈♣ #♣#♣ ♣#♣ ♣.....♣≈♣♣
♣≈.≈.♣≈.≈≈.♣ ♣.≈≈≈.§≈...♣♣ ♣♣.......♣♣.♣ Turn 45174 on Swamp:2: not bad?
..≈≈♣♣♣♣♣≈≈§≈≈.♣♣ ≈≈.♣♣♣♣♣♣≈§≈≈≈≈.♣ ≈≈≈≈≈≈ ≈≈≈......≈≈≈≈≈≈.♣♣≈≈≈.≈≈
§≈...≈≈≈..≈≈≈≈≈.♣≈≈≈≈≈≈≈ ≈.≈≈≈≈≈≈≈≈..≈≈≈♣♣≈..≈≈≈♣ ≈.≈≈≈≈≈≈≈≈≈..≈≈≈.≈.≈..≈≈
.≈≈≈≈≈≈≈≈≈≈.≈.≈≈≈...≈≈≈≈ .≈≈≈≈≈≈≈≈≈.≈..≈≈≈≈§.≈≈≈≈ ..≈≈≈≈..≈.≈≈....@>.≈≈≈§≈
≈.≈≈≈.<...≈.≈.≈≈.≈≈≈≈≈≈≈ ♣........♣♣♣♣.≈.°.§≈≈§≈≈ ♣.≈≈≈...≈♣ ♣♣♣♣.°≈≈§≈≈≈
♣≈≈≈≈..♣♣≈♣ ♣≈.°)≈≈≈≈ ♣♣.≈≈..♣ ♣≈♣ ♣♣♣≈≈≈≈≈≈ ♣≈♣(..≈♣ ♣♣ ♣≈≈≈≈. ≈♣♣..♣÷♣ .≈.$. ♣
♣....≈ ≈.≈≈. Turn 46849 on Swamp:3: BLOOD ♣§≈♣...♣.≈≈♣♣ ≈≈.≈♣♣..≈§≈≈♣♣≈≈.≈≈≈♣♣
.§≈≈♣♣.≈≈≈≈♣♣≈≈≈.≈≈≈≈♣ ...≈♣♣.≈≈≈≈§♣.≈≈(≈≈≈.♣ ≈≈≈♣♣≈≈≈≈≈≈♣♣.≈≈≈≈≈≈.♣
≈≈.♣♣.≈≈.≈♣♣♣.≈≈≈≈.≈≈♣ ≈>≈♣♣.≈≈§.♣♣♣♣≈≈≈≈≈≈♣ .♣≈...≈≈≈..♣♣≈≈≈≈≈≈♣♣♣
♣♣..........♣≈≈.@≈≈≈≈♣ ♣♣♣♣♣≈≈§≈≈.♣♣≈≈.≈≈≈.≈♣ ♣♣♣♣♣≈§≈≈≈≈.♣♣≈≈≈≈≈≈≈♣
.....≈≈≈≈≈≈.♣♣≈≈≈.≈≈♣♣ .≈≈≈..≈≈≈≈≈.♣≈≈≈≈≈≈≈♣ ≈≈≈≈≈≈..≈≈≈♣♣≈..≈≈≈♣♣♣♣
≈≈≈≈≈≈≈..≈≈≈.≈.≈..§≈≈≈♣♣ ≈≈≈≈≈≈≈.≈.≈≈≈...≈≈≈≈≈≈≈♣ ≈≈≈≈≈≈.≈..≈≈≈≈≈.≈≈≈≈≈≈♣♣ Turn
46994 on Swamp:3: oh fuck me ≈≈≈≈≈≈ §.≈≈♣♣♣♣ ♣..≈♣♣♣.≈≈≈..♣♣ ♣♣≈≈..†≈≈≈≈≈≈≈♣
♣♣.<≈.).≈≈≈≈≈.≈ ♣.≈≈...≈≈≈≈.♣♣ ♣♣♣♣ ♣≈≈§≈≈≈≈≈≈≈≈.♣ ≈..≈≈♣♣≈§≈§≈≈≈≈≈≈.♣
$○≈°°≈≈.§≈≈≈≈..≈≈♣♣ .≈§≈≈°°@≈≈≈≈≈♣♣♣♣♣ .≈§≈≈≈♣.≈≈≈..≈♣♣ ♣≈♣♣♣♣♣♣♣≈≈≈♣§≈♣ ♣
♣≈≈≈≈≈≈≈♣♣ ♣.≈≈≈..♣♣ ♣♣♣≈♣≈≈♣ ♣♣♣♣♣♣ Turn 47367 on Swamp:4: owned ≈.§≈≈§♣.^.♣♣≈≈
≈≈≈≈ ≈≈≈≈≈≈ §.≈≈♣♣♣♣ ≈≈≈≈ ♣..≈♣♣♣.≈≈≈..♣♣ ≈≈≈≈≈ ♣♣≈≈..†≈≈≈≈≈≈≈♣ ≈§≈≈≈
♣♣.<≈.).≈≈≈≈≈.≈ ≈≈≈§≈≈ ♣.≈≈...≈≈≈≈.♣♣ §≈§≈≈≈♣♣♣♣♣♣♣§≈≈§≈≈≈≈≈≈≈.♣
≈≈.≈≈§≈≈..≈≈♣♣≈≈≈≈≈≈≈≈≈≈.♣ .♣♣♣♣♣$≈≈§≈@≈.≈≈≈≈≈..≈≈♣♣ ♣.≈≈≈≈...≈≈≈≈≈♣♣♣♣♣
♣.≈≈§§≈♣.≈§≈..≈♣♣ ♣♣≈♣♣♣♣♣♣♣≈§≈♣≈≈♣ ♣♣♣ ♣≈≈≈≈≈≈≈♣♣ ♣.≈≈≈..♣♣ ♣♣♣≈♣≈§♣ ♣♣♣♣♣♣
Turn 47431 on Swamp:4: the best spell in the game i.≈≈≈..♣.≈≈♣ ♣♣♣≈♣ :.≈≈...≈≈§♣
♣♣♣♣♣♣♣≈.♣♣ ♣ .≈≈≈..≈..♣ ♣≈♣≈≈≈.≈≈.♣♣♣ #)°..≈≈≈♣♣♣♣≈≈...≈≈.♣♣≈
♣≈≈°.≈≈≈≈≈≈≈....≈≈≈§≈≈♣ ♣♣♣♣≈≈....♣♣≈.≈≈≈§≈≈≈..§♣ ♣♣.≈♣≈..°..♣♣.≈≈≈≈≈≈≈≈≈.♣♣
♣....♣≈..°.♣♣≈≈≈≈§≈≈≈§≈.≈♣ ♣≈.≈≈(.≈.@♣♣≈≈≈.≈≈≈≈≈≈≈.≈≈ ♣≈≈≈≈..≈....≈≈♣.§≈≈≈≈≈≈.♣♣
♣♣♣≈...§..≈≈≈≈≈≈≈≈≈≈≈≈≈≈≈♣ ♣≈.≈≈♣≈.≈≈≈.≈.≈≈≈≈[≈≈≈♣♣ ♣≈≈≈≈≈.§≈≈≈.(.≈≈≈≈.≈≈≈≈≈
♣≈...≈...≈≈≈≈§≈≈≈≈..≈≈♣♣♣. <........§≈≈≈...≈♣≈♣≈♣≈♣≈.
.≈≈≈≈....♣♣.≈≈.≈♣.♣≈♣♣♣♣≈♣. ≈≈≈≈≈...♣♣ .§§≈.≈♣♣≈♣ ♣♣≈♣ Turn 48513 on Swamp:4:
get owned binch .≈≈.♣♣♣≈♣♣≈.....≈≈≈≈.♣♣♣♣♣ .≈≈.♣♣≈♣♣♣≈.≈≈≈§..≈≈.≈..≈♣
≈≈≈§≈≈♣♣♣.≈.≈§≈≈..≈..♣≈≈.♣ ≈≈≈..§♣♣≈.≈.≈≈≈≈♣.^.♣♣≈≈≈♣ ≈≈≈≈.♣♣♣≈≈.≈≈§≈≈≈♣≈.≈≈♣♣♣♣
≈≈§≈.≈♣♣.≈≈♣♣..≈♣♣♣.≈≈≈..♣♣ ≈≈≈≈.≈≈♣♣♣♣♣♣♣≈≈...≈≈≈≈≈≈≈♣ ≈≈≈≈.♣♣♣
♣♣.<≈.).≈≈≈≈≈.≈♣ ≈≈≈≈≈≈♣♣♣♣♣♣.≈≈.@.≈≈≈≈.♣♣♣♣ ≈[≈≈≈♣♣≈♣♣≈♣≈≈≈≈≈≈≈≈≈≈≈.♣
≈.≈≈≈≈≈..≈≈♣≈≈≈≈≈≈≈≈≈≈≈.♣ .≈≈♣♣♣.≈≈≈§≈≈.≈≈≈≈≈..≈≈♣♣ ♣≈♣≈♣≈.§≈≈≈...≈≈≈≈≈♣♣♣♣♣
♣♣♣♣≈♣.≈≈≈≈≈♣.≈≈≈..≈♣♣ ♣♣♣♣♣≈♣≈≈♣≈♣≈♣♣≈≈≈♣≈≈♣ .≈.≈♣♣♣♣♣♣♣♣♣≈≈≈≈≈≈≈♣♣ §≈≈.≈.≈♣♣
♣.≈≈≈..♣♣ Turn 49075 on Swamp:4: godamn .≈≈.♣♣♣≈♣♣≈.....≈≈≈≈.♣♣♣♣♣
.≈≈.♣♣≈♣♣♣≈.≈≈≈≈..≈≈.≈..≈♣ ≈≈≈§≈≈♣♣♣.≈.≈≈≈≈..≈..♣≈≈.♣ ≈≈≈..§♣♣≈.≈.≈§≈≈♣.^.♣♣≈≈≈♣
≈≈≈≈.♣♣♣≈≈.≈≈≈≈≈≈♣≈.≈≈♣♣♣♣ ≈≈§≈.≈♣♣.≈≈♣♣..≈♣♣♣.≈≈≈..♣♣
≈≈≈≈.≈≈♣♣♣♣♣♣♣≈≈...≈≈≈≈≈≈≈♣ ≈≈≈≈.♣♣♣ ♣♣.<≈.).≈§≈≈≈.≈♣
≈≈≈≈≈≈♣♣♣♣♣♣.§≈.@.≈≈≈§.♣♣♣♣ ≈[≈≈≈♣♣≈♣♣≈♣≈≈≈≈≈≈≈≈≈≈≈.♣ ≈.≈≈≈≈≈..≈≈♣≈≈≈§≈≈§≈≈≈≈.♣
.≈≈♣♣♣.≈≈≈≈≈≈.≈≈≈≈≈..≈≈♣♣ ♣≈♣≈♣≈.§≈≈≈...≈§≈≈≈♣♣♣♣♣ ♣♣♣♣≈♣.≈≈≈≈≈♣.≈≈≈..≈♣♣
♣♣♣♣♣≈♣≈≈♣≈♣≈♣♣≈≈≈♣≈≈♣ .≈.≈♣♣♣♣♣♣♣♣♣≈≈§≈≈§≈♣♣ §≈≈.≈.≈♣♣ ♣.≈≈≈..♣♣ Turn 49154 on
Swamp:4: lmao #.............# #....8...8....# #......(......# ##....)[)....##
#.....©.[...# ##...8§8...## ########### ##8..©..8## ##8...@...8##
##8.........8## #.....[.(.....# #∩...(...[...©# ############### Turn 54376 on
IceCv: why ..#......# ... ..........###... .........)..#R# ..............
............##### # #..................##...###.# ##..................'........#
....................##.......# ................@...##.......#
....................)........# ..................=.#........#
....................###.####.# ........).....|.......###. #
......#..#####....)....... .....##..# ##........#'# .....##..# #.######'# #
.....#...#+#+##.# ... Turn 56629 on Snake:3: fukc ................
..............##### # #..................##...###.#
#...............)..'........# ................°..##.......#
...................##.......# ...................)........#
.............§○§.=.#........# ...............☼@..###.####.#
.......).....°§○.....###. # .....#..#####....)....... ....##..# ##........#'#
....##..# #.######'# # ....#...#+#+##.# ... .))............# ...
.)..)).........# .. ...............# Turn 56646 on Snake:3: lol
,*######................+..#*,,,, ,,,.....................##.#*,,*,
***##.......###.........##.#*,,** #.......# ############.#*,,** #######.#
#.#*,,** #......# #.#*,,,, #.###### #########*#.#**,,* #.# #.....i..,,.# *,,,
#.# #@#********** *,,, #.# #.# *,,, #.# #.# *,,, #.#########.# **,,
#...........# *,, ############# **, ** Turn 59061 on Snake:4: sup
#.......##....# #.......##....# #.......##....# #.......##....# #.......##....#
#.......##....# ##################'#######....# #
.p............................# # .§...........)..@.............# #
.).p...........*..............# # ...p.............)............# #
#####'#).)....................# # ......#.......####'###........# #
......#.......# ..). #######..# # ......#....)..# ..... #..# # ......#...{...#
...#' #..# # ......#.......# #..# # Turn 65968 on Vaults:2: haha yes
####.##......§§§§§§.§...§.... ####..#......§§§§§§§§§§§.....
####.........§.§.§§§§§.§..... ####...........§§§§§§§§§§§..#
####...........§§§§§§.§..§... ####...........§§§§§§........
####.....)##....§§§§§§....... ####.....8######.....§.......
####......##@..#............. ####..........[#.....#..)....
####..8........#............. ####.###......###............ ####. #......#
#............ ####. #.......[#............. #### #[.......#.§§§§........ ###
#[|.##.).#§§.§§........ ##### #### ..§§........ Turn 67121 on Desolation: lmao
.._≈.....#..#......# .≈...|8..#..#.####.# ....8....#..#......#
..8....###..##.##.## 8...#....#.##......# .........#.####[.###
..##..##.#.##......# #.....##.#..##.##.## #.......##...<..@..###
..##.....#...........# .##..#...#.##'#.##'### ##..##.###....###...#
#..#####.......#....# ).####....(....#...## .###.)...##....'...#
##...#....#.####...# ....##..#####.'....# Turn 83776 on Depths:3: thicc #...#
... .∩. ### ... ### .... #.# .... .....##.##..... #.......# #...@...# #⌠.....⌠#
###...### ##.## #⌠# ### Turn 83918 on WizLab: uh oh
,,,,,,,,,......)........,,,,,,#.. *****,,,,,,,#...!.......,,,,,,#..
*,,,,,,,#...........,,,,,,#.. *,,,,,,,####A#######******#.. *,,,,,,,* #○# #..
*,,,,,,,* #○########## #.. *,,,,,,,* #○#........######. *,,,,,,,*
#.#.#####......... ********* #@#.# #..######. #.#.# #..# ## #)#.# #..# #.#.#
#..# #.#|#####..# #.#........# #.########.# #..........# ############ Turn 86295
on Crypt:1: nope #v....(......# #v°zvv.......# ### #v°.○#####...# ..#
######v.v°#.......# ..## #....☼○○v°#.......# ...# #....○vv☼°#.......#
...###########...v°☼vv○#.......# ...........)...........'.......#
#######.........@......#.......# ... #..).............#.......# ...
#.).....#######..#.......# ... #.).....# ..# ... #.......# .... ### #)......# ..
#$.[....# Turn 88344 on Crypt:3: fuck you #.........######)))..[....
#########'#'#'#'## #....#####. #.....# #.#.#.#.#######.)..#.....
#.....############.........#..... #......# #....))...#.....
#......###########.........#..... ...............)...........'.....
###########.........<......#..... ..........#..)..@..........#.....
..........#.).....#######..#..... ..........#.).....#.....#..#'###.
..........#.......#.....#........ [..######.#)......#.....#........ ...#
#.#..[....#.....#......## ..(# #.'..)....'.....#......'. ...#
#.#.......#.....#......#. ...######.#.......####'##......#. Turn 90807 on
Crypt:3: oh #..#...# #[..#}?|#..}# #...# #..#..(# #)..#|..#..[# #...#
#..#..######..##'##..######..# #..#.###[.###.......###.:###.#
#..#.##....##.##.##.##....##.# #..#..........#####..........# #...........#
#...........# #..........## ##..........# #.##....##@# #.##....##.#
#.###|[###.......###(}###.# #.. #### ..##'##.. #####..# #.. [..# )#.. #(..# #..
#$..# #..[ ?..# ##..# #..#### ..# ##.. ##.)# #.# #.. .##....##.# .......[.))
Turn 97733 on Vaults:5: GONG #..#.###[.###.......###.:###
#..#.##....##.##.##.##....## #..#..........#####......... #...........#
#.......... #..........## ##......... #.##....##.##.##.##....##
#.###|[###.......###(}### #.. #####..##'##.. #####. #.. #@..# )#.. #(. #.. #$..#
#..[ ?. ##..# #..#### . ##... ##.)# # #.... .##....## ..............[.
############### .......... .......... Turn 97737 on Vaults:5: GONG
..#######################........ .........(.......................
#.##....##)......##....##.#.:..#. #.###..###.......###[.###.#....##
#..######..#####..######..#....## #...# #[..#}?|#..}# #...#....## #..(#
#)..#|..#..[# #...#....## #..######..##'##..######..#....##
#.###[.###......@###.:###.#(...#. #.##....##.##.##.##....##.#....#.
#..........#####..........#....#. #...........# #...........#....#.
#.........)#####..........#....#. #.##....##.##.##.##....##.#....#.
#.###|[###.......###(}###.#....#. #..######..##'##..######..#....## #...#
#...#):)#..:# #(..#....## Turn 98506 on Vaults:5: BRANG
...#######################....... ..........(......................
.#.##....##)......##....##.#.:..# .#.###..###.......###[.###.#....#
.#..######..#####..######..#....# .#...# #[..#}?|#..}# #...#....# .#..(#
#)..#|..#..[# #...#....# .#..######..##'##..######..#....#
.#.###[.###.....@=###.:###.#(...# .#.##....##.##.##.##....##.#....#
.#..........#####..........#....# .#...........# #...........#....#
.#.........)#####..........#....# .#.##....##.##.##.##....##.#....#
.#.###|[###.......###(}###.#....# .#..######..##'##..######..#....# .#...#
#...#):)#..:# #(..#....# Turn 98512 on Vaults:5: how is stealth even real
........###...........## ##.## .........#........##...#####.##
#.......).....#...###.....###.## #.....[...[..####.####....#.(..##
..........).## ##........#...... .............#####...#...##......
#........)[)...................(. ##.............)[.........>......
####............@.).............# # #...##.......########...#...## #
#...###....)## #......## #...# ##...###### #.......# #...# ##.).#...# ##......#
#...## ##....^.# ##.......# #....# ####.....####.....####
#....###...#..###........# #....#.....#...##....##### Turn 107715 on Zot:3: GONG
≈≈≈≈≈≈..## ##..)## ≈≈≈≈≈≈...## ##..∩..## ≈≈≈≈≈≈≈...## ##..)[..)## ≈≈≈≈≈≈.....##
##....)..).## ≈..≈≈..≈....## ##.....[..[..## ≈.....≈≈.....####.....[.[.[...###
≈.≈..≈≈≈≈.....##...............## ..≈≈.≈≈≈≈...................[....
..≈≈^.≈≈≈≈......@.....∩.[.....∩.) ..≈≈≈.≈≈≈≈..............)........
..≈≈≈..≈≈≈....##..........)....## ≈..≈...≈≈≈...####.............###
≈.....≈≈≈≈..## ##...........## ≈≈...≈≈≈≈..## ##.........## ≈≈...≈≈≈..##
##.......## ≈≈≈...≈≈.## ##..∩..## ≈≈≈≈....## ##...## Turn 109022 on Hell: lol
I'm totally gonna die in a zig ≈≈≈♣≈..####'##.##'#.#.#'####♣..♣♣
≈≈≈≈♣♣♣#..#.......###......#♣≈.♣♣ ...≈≈≈♣'..##........#.......♣≈.≈♣
...........##.......#.....♣♣♣♣.♣♣ ..........(........##'##♣♣♣♣♣♣≈♣♣
..P≈≈..#....#..###'#...#≈♣♣P≈≈.≈≈ ≈≈≈≈♣####..###........#..≈≈≈.≈≈.≈ ≈≈≈♣#
##..##.##...)...#.♣♣♣≈♣≈≈≈. ≈≈≈# #.....∩...@...###.♣♣♣♣♣♣≈♣♣ ≈≈≈#
#...##.##..#'##.....♣♣ ♣.♣♣ ≈≈♣# #....###...'.........♣♣♣≈≈♣ ≈♣#
#..#..#....#..........♣≈≈P♣ ## #..#.......#.........#♣≈.P♣
######.######........#...## ### #......#'#...## ######.#......# ########## Turn
109088 on Depths:3: based ▓▓▓▓▓▓▓▓▓▓▓ ▓▓.........▓▓ ▓▓)..........▓▓
▓▓$.)..........▓▓ ▓▓∩))............▓▓ ▓?>)............∩.▓ ▓▓@..)...........▓▓
▓▓..)..........▓▓ ▓▓...........▓▓ ▓▓.........▓▓ ▓▓▓▓▓▓▓▓▓▓▓ Turn 109559 on
Zig:6: lmfao ▓▓▓▓▓▓▓▓▓▓▓ ▓▓.........▓▓ ▓▓)..........▓▓ ▓▓..)..........▓▓
▓▓∩))............▓ ▓@>)............∩. ▓▓∩..)...........▓ ▓▓..)..........▓▓
▓▓...........▓▓ ▓▓.........▓▓ ▓▓▓▓▓▓▓▓▓▓▓ Turn 109568 on Zig:6: aw man
▓▓▓▓▓▓▓▓▓▓▓ ▓▓.........▓▓ ▓▓...........▓▓ ▓▓).)..........▓▓ ▓▓∩})..†.........▓▓
▓.>).)..........∩.▓ ▓▓∩).@...........▓▓ ▓▓.............▓▓ ▓▓...........▓▓
▓▓.........▓▓ ▓▓▓▓▓▓▓▓▓▓▓ Turn 109777 on Zig:8: oh hell yea ▓▓▓▓▓▓▓▓▓▓▓▓▓
▓▓...........▓▓ ▓.......).....▓▓ .........))....▓▓ ........)))...).▓▓
.........)..).[.}▓▓ ........)))))...[|▓▓ ...........).†)}"}∩▓▓
........).)))..|@|>?▓ .........).)..)..)∩▓▓ ..........)..."}[)▓▓
..............)()▓▓ ................▓▓ ...............▓▓ ▓.............▓▓
▓▓...........▓ ▓▓▓▓▓▓▓▓▓▓▓▓ Turn 111031 on Zig:17: oh ▓▓▓▓▓▓▓▓▓▓ ....&....▓▓
.)........▓▓ ........§§.▓▓ †t.....§☼D..▓▓ §†.....§.§...▓▓ .).....u......▓▓
..†....○.&@....▓▓ ......§○§§&§H.∩.▓ .........§&C.§.▓▓ .v......§§s..§▓▓
.........&..▓▓ ...........▓▓ .........▓▓ .......▓▓ ......▓ Turn 111193 on
Zig:18: oh well ▓.. ▓... ▓.... ▓..... ▓...... ▓▓....... ▓▓........ ▓@∩.......
▓▓........ ▓▓....... ▓...... ▓..... ▓.... ▓... ▓.. Turn 111360 on Zig:19: OH MY
FUCKING GOD ......▓* .......▓▓ , , ........▓▓ .........▓▓ ..........▓▓
...........▓▓ ............▓▓ , ,.......@...∩.▓ ............▓▓ , ...........▓▓
..........▓▓ , .........▓▓ , ........▓▓ .......▓▓ ......▓ , Turn 112159 on
Zig:24: lol I'm gonna die ▓▓...)... ▓▓.†....vvQ. , ▓▓...)(vv☼v☼○ ▓▓..v...v°vv○☼
▓▓....[v..v°vvv , ▓▓......vvvv○v○○ ▓.∩...v...°°○vv○ ▓▓.......vv°°°°○ ,
▓▓.....@vv°vvD○ ▓▓.....vv○vv°. ▓▓.....vv○°.. , ▓▓.....°°.○. ▓▓......... , ,
▓▓........, ▓▓....... ▓...... Turn 112300 on Zig:25: lmao hell yeah , ,, ,
▓▓.......... , ▓▓...#≈#..v.. ▓▓....≈#≈.v.[[ ▓▓.....#≈#.°v†† , , ▓▓.......vv.°.v○
, ▓▓............○v., ▓▓............vv†v ▓.∩.......@..v○v[v , ▓▓............○vv○
▓▓...........°☼○D , ▓▓......v..v○○v○, , , ▓▓.....#≈#.☼°v° ≈ ▓▓....≈#≈....○ ,
▓▓...#§#..... ▓▓.......... ▓▓.. .. * Turn 112728 on Zig:27: oh my god
▓▓.............▓▓ ▓▓...............▓▓ ▓▓.................▓▓
▓▓...#≈#..†....#≈#...▓▓ ▓▓....≈#≈.[.[[..≈#≈...?▓▓ ▓▓.....#≈#...††..#≈#...![▓▓
▓▓............[†.†......:[:▓▓ ▓............†[.@[[.....?}|)▓
..............†...[†....=)==∩▓ ∩...........[.[.[†[.....=|!:)=
..............†[[†......)})[∩▓* ▓...........†††.†[[.....)=??▓▓
▓▓.............†........|!?▓▓ ▓▓.....#§#.[..†..#≈#...?)▓▓
▓▓....≈#≈.......≈#≈...[▓▓ ▓▓...#§#...... Turn 112760 on Zig:27: \o/
!!!!!!!!!!!!!!!!!!!!! #..†....#≈#...▓▓ ≈.[.[[..≈#≈...?▓▓ #...††..#≈#...![▓▓
....[†.†......:[:▓▓ ...†[.[[[.....?}|)▓▓ ....†...[†....=)==∩▓▓
..[.[.[†[.....=|!:)=▓ ....†[[†......)})[∩▓* ..†††.†[[.....)=@?▓▓
.....†........|!?▓▓ #.[..†..#≈#...?)▓▓ ≈.......≈#≈...[▓▓ #.......#≈#...▓▓
.............▓▓ ............▓▓ ..........▓▓ * * * Turn 112773 on Zig:27: lmao
#..†....#≈#...▓▓ ≈.[.[[..≈#≈...?▓▓ #...††..#≈#...![▓▓ ....[†.†§.....:[:▓▓
...†[.[[[.....?}|)▓▓ ....†...[†....=)==∩▓▓ ..[.[.[†[.....=|!:)=▓
....†[[†......)})[∩▓▓ ..†††.†[[.....)=@.▓▓ .....†........|.?▓▓
#.[..†..#≈#...?)▓▓ ≈.......≈#≈...[▓▓ #.......#≈#...▓▓ .............▓▓
............▓▓ ..........▓▓ * * ▓▓▓ Turn 112783 on Zig:27: lmao hell yeah
.............▓▓ #..†....#≈#...▓▓ ≈.[.[[..≈#≈...?▓▓ #...††..#≈#...![▓▓
....[†.†§.....:[:▓▓ ...†[.[[[.....?}|)▓▓ ....†...[†....=)==∩▓▓
..[.[.[†[.....=|!:)=▓ ....†[[†......)}@[∩▓▓ ..†††.†[[.....)=|.▓▓
.....†........|.?▓▓ #.[..†..#≈#...?)▓▓ ≈.......≈#§...[▓▓ #.......#§#...▓▓
.........§§..▓▓ ............▓▓ ..........▓▓ Turn 112787 on Zig:27: YOINK
..............▓▓ ...............▓▓ #≈#..÷....#≈#...▓▓ §#≈.[.[[..≈#≈....▓▓
#≈#...÷÷..#≈#....[▓▓ ......[÷.÷.......[:▓▓ .....÷[.[[[......}|)▓▓
......÷...[÷.....).=∩▓▓ ....[.[.[÷[.....@|.:}=▓ ......÷[[÷......)}..∩▓▓
....÷÷÷.÷[[.....).|.▓▓ .......÷........|..▓▓ #≈#.[..÷..#≈#...?)▓▓
§#≈.......≈#≈...[▓▓ #≈#.......#§#...▓▓ ...............▓▓ ..............▓▓ Turn
112988 on Zig:27: nice ≈≈≈≈≈≈≈♣≈..####'##.##'#.#.#'####♣
.≈≈P≈≈≈≈♣♣♣#..#.......###......#♣ .......≈≈≈♣'..##........#.......♣
..)............##.......#.....♣♣♣ ..............(........##'##♣♣♣♣♣
≈≈♣≈..P≈≈..#....#..###'#...#≈♣♣P≈ ≈≈≈≈≈≈≈≈♣####..###........#..≈≈≈. ≈≈≈≈≈≈≈♣#
##..##.##...)...#.♣♣♣≈♣ ≈≈≈≈≈≈≈# #.....@.......###.♣♣♣♣♣ ≈≈≈≈≈≈≈#
#...##.##..#'##.....♣♣ ≈≈♣≈≈≈♣# #....###...'.........♣♣ ♣♣♣♣≈♣#
#..#..#....#..........♣ ### #..#.......#.........#♣ ######.######........#. ###
#......#'#. ######.#... ###### Turn 113023 on Depths:3: lmfao shut up crawl
#.........#.......#..#.......# #.........#'#######..#.......#
#....................#.......# #....................#.......'
#...^....#######'#...#.......# #........#.......#...#.......#
#........#.##[##.#...#.......# #........#.#.#.#.#...#.......#
#........#..#@#..#...#.......# #........'.#.#.#.#...#########
#........#.##.##.#............ #........#.......#............
#.....####'########.########## #.....#...........#.#.........
#.....#....#.#....#.#..#.....# #.....#...##.##...#.'.........
#.....#..##...##..#.#..#)....# Turn 113769 on Vaults:2: lol lets do tomb

Levels and vault maps discovered:
D:1:      lemuel_arrival_river_passageway, layout_rooms
D:2:      layout_loops_ring, serial_shops,
          nicolae_shop_temple_entry_statues_fountains, shop,
          nicolae_shop_overgrown_old_shop
D:3:      minmay_spotlight, layout_basic, chequers_serial_rivers_micro_e,
          uniq_grinder, uniq_robin
D:4:      layout_layer_cave, serial_park_tiny_2
D:5:      layout_basic, temple_green, serial_curves, eino_curves_02,
          eino_curves_04, minmay_misc_feat_iff
D:6:      layout_loops_ring
D:7:      layout_rooms, elyvilon_altar_3, gammafunk_temple_overflow_elements,
          uniq_joseph
D:8:      layout_cave_pools, kennysheep_mini_moat, kennysheep_generic_room_7,
          uniq_erica
D:9:      layout_rooms, enter_bailey_2
D:10:     layout_irregular_city, nicolae_trove_entry_isolated, minmay_hedge_maze
D:11:     layout_small_grid, grunt_lair_entry_orc_guard_hut, uniq_josephine
D:12:     layout_irregular_city, erik_orc_3, maelrawn_ghost_gauntlet_escape
D:13:     layout_roguey, serial_shops, nicolae_diamond_shop, special_room
          [special_room_bee]
D:14:     layout_roguey, grunt_vaults_entry_fortified, good_gods_mini_temple,
          hangedman_decor_clover_reticule, grunt_decor_cap
D:15:     grunt_enter_depths_giant_problem, layout_long_grid,
          nicolae_qazlal_eye_of_the_storm, uniq_kirke
Temple:   mainiacjoe_temple_coin_purse
Lair:1:   layout_regular_city, kennysheep_snail_temple, lemuel_fruit_tree,
          uniq_gastronok
Lair:2:   layout_loops_ring, uniq_maggie
Lair:3:   layout_misc_corridors
Lair:4:   layout_roguey, skrybe_swamp_entry_bodies,
          minmay_snake_entry_guardpost_small, gauntlet_entry_generic, uniq_snorg
Lair:5:   layout_gridlike, minmay_lair_oklob_bushes, grunt_megastairs_5,
          lemuel_fruit_fields
Lair:6:   evil_forest, layout_long_grid, slime_dummy, grunt_megastairs_4
Swamp:1:  layout_basic_swamp, hangedman_swamp_cone
Swamp:2:  nzn_winding_woodlands_three_and_one
          [nzn_winding_woodlands_5x15_crooked,
          nzn_winding_woodlands_5x15_parted, nzn_winding_woodlands_5x15_twine,
          nzn_winding_woodlands_center_triple_pond], layout_basic_swamp,
          evilmike_swamp_ruin_house_1, swamp_pool1
Swamp:3:  layout_basic_swamp, nicolae_swamp_decorative_isthmus, swamp_pool3,
          hangedman_swamp_double_dragon, infiniplex_staircase_pool
Swamp:4:  swamp_pestilence, layout_basic_swamp
Snake:1:  layout_layer_cave, hangedman_snake_sidewinding
Snake:2:  nicolae_snake_hallway, layout_misc_corridors,
          portal_ice_cave_entry_pillars_four, nrook_guardian_serpent_double,
          uniq_vashnia
Snake:3:  layout_cave_town, nicolae_snake_salamander_fort, uniq_mara,
          uniq_saint_roka, uniq_aizul
Snake:4:  snake_pit, layout_basic, nicolae_snake_gridmaze_swirls,
          serial_bayou_shore_b, uniq_agnes
Slime:1:  layout_caves
Slime:2:  layout_caves
Slime:3:  layout_caves
Slime:4:  layout_caves
Slime:5
Orc:1:    layout_caves, nicolae_orc_rockfall, mines2_lemuel
Orc:2:    st_orc_mages, layout_caves, nooodl_orcs_dogs, uniq_azrael
Elf:1:    eino_elf_arrival_the_gate, layout_geoelf_octagon, serial_shops,
          nicolae_square_shop, hangedman_elf_represent,
          nicolae_elf_deep_friendship, uniq_frances
Elf:2:    nicolae_elf_blades_crystal_corner, layout_gridlike, serial_shops, shop
Elf:3:    minmay_elf_hall_curves, layout_geoelf_grid, serial_shops, shop,
          grunt_ministairs_14, kennysheep_underground_church
Vaults:1: nicolae_vaults_windows_and_doors_thing, nicolae_vaults_rhombus_6,
          v_misc_30, nicolae_vaults_big_ls, vaults_mumra_lcd,
          vaults_mumra_hexcomb, hangedman_vaults_unwind, v_rooms_3,
          ontoclasm_vaults_pinch, ontoclasm_vaults_gateway,
          nicolae_vaults_little_squares_6, v_misc_17, layout_vaults_omnibox
Vaults:2: vaults_standard_mumra_enter_the_diamond, nicolae_vaults_network_s,
          ontoclasm_vaults_fault, vaults_room_mumra_shop_pool, v_alt_pattern_6,
          nicolae_vaults_ring_of_whatevers, v_pattern_3, vaults_room_fours,
          minmay_crypt_entry_simple_box, vaults_room_hallway,
          layout_vaults_omnigrid, uniq_boris
Vaults:3: portal_desolation_entry_twin_temple, vaults_room_ringed_pool,
          nicolae_vaults_asterisk, nicolae_vaults_theta, hangedman_vaults_slice,
          v_rooms_5, hangedman_vaults_variations, vaults_room_glass_cross,
          grunt_vaults_diagonal, vaults_dpeg_encased_lava,
          nicolae_vaults_diagonal_hallway_7, nicolae_vaults_what_the_h,
          hangedman_vaults_capsules, hangedman_vaults_nails,
          nicolae_vaults_theta, serial_ice_g, layout_vaults_ring, uniq_margery
Vaults:4: ontoclasm_vaults_ring_square, nicolae_vaults_border_crossing,
          vaults_room_pool, nicolae_vaults_disjoint_gnomons,
          ontoclasm_vaults_idyll, st_lattice, nicolae_vaults_little_squares_3,
          nicolae_vaults_shelves_hall, v_pattern_4, hangedman_vaults_pinch,
          ontoclasm_vaults_idyll, vaults_mumra_minichess_inversion,
          layout_vaults_big_cross
Vaults:5: serial_shops
Crypt:1:  layout_basic, mu_enter_wizlab_4, uniq_mennas
Crypt:2:  layout_misc_corridors
Crypt:3:  church_of_pain_bobbens, layout_chaotic_city,
          nicolae_tomb_entry_unfolded_pyramid_orthogonal, uniq_khufu
Tomb:1
Tomb:2
Tomb:3
Depths:1: layout_gridlike, serial_shops, shop, chequers_serial_rivers_large_b,
          rand_demon_pan_entry_1, pf_vacation_house_of_asmodeus,
          kennysheep_boxes
Depths:2: minmay_four_inscribed_fans, layout_twisted_cross, pan_entry,
          serial_sigils, serial_sigils_hangedman_stare,
          serial_sigils_hangedman_writhe, serial_sigils_hangedman_shear,
          hell_entry, nicolae_abyss_entry_one_way_or_another,
          nicolae_gozag_cash_rules_everything_around_me, water_boxes_lemuel,
          uniq_asterion
Depths:3: minmay_the_grid_triangle_9x9_rhombus_full_mashed
          [minmay_the_grid_triangle_9x9_semitri,
          minmay_the_grid_triangle_9x9_swiss_cheese,
          minmay_the_grid_triangle_9x9_windchime,
          minmay_the_grid_triangle_9x9_stretched_checkered,
          minmay_the_grid_triangle_9x9_subtriangle,
          minmay_the_grid_triangle_9x9_dagger,
          minmay_the_grid_triangle_9x9_shrine,
          minmay_the_grid_triangle_9x9_prize_insulated], layout_honeycomb,
          enter_ziggurat_c, grunt_mini_vestibule, serial_bayou,
          serial_bayou_crossing, serial_bayou_pond_e, serial_bayou_shore_b,
          serial_bayou_ford_a, minmay_misc_feat_alley, abyss_entry
Depths:4: grunt_x_marks_the_spot, layout_gridville, hell_entry,
          rand_demon_pan_entry_4, chequers_decorated_corner, uniq_jory
Hell
Dis:1:    layout_gridville
Zot:1:    layout_misc_corridors
Zot:2:    lemuel_halls_of_wrath, layout_twisted_circle, st_stairs_10
Zot:3:    layout_misc_corridors, grunt_megastairs_2
Zot:4:    layout_gridlike
Zot:5:    layout_basic, hangedman_zot_decor_scrapings

Skill      XL: |  1  2  3  4  5  6  7  8  9 10 11 12 13 14 15 16 17 18 19 20 21 22 23 24 25 26 27 |
---------------+----------------------------------------------------------------------------------+-----
Stealth        | 2 3 4 5 6 |  6.6
Dodging        | 2 3 4 5 6 7 8 9 10 11 12 18 | 18.8
Conjurations   | 2 3 4 5 6 7 9 11 13 14 15 16 17 18 19 21 22 23 25 | 25.4
Fighting       | 1 2 3 4 5 6 7 8 9 11 13 14 15 22 | 22.3
Spellcasting   | 4 5 6 7 8 10 11 13 15 17 18 19 20 21 22 23 24 27 | 27.0
Long Blades    | 1 3 4 5 6 7 8 9 |  9.0
Air Magic      | 1 2 3 4 5 6 |  6.4
Poison Magic   | 1 3 4 5 6 7 8 |  8.9
Necromancy     | 2 3 4 7 9 11 13 14 20 | 20.0
Hexes          | 1 3 4 5 |  5.2
Summonings     | 2 3 6 7 8 9 |  9.3
Earth Magic    | 2 3 4 5 |  5.4
Translocations | 2 3 10 | 10.3
Evocations     | 1 2 3 4 7 |  7.0
Shields        | 4 5 6 8 9 10 12 13 17 | 17.0
Fire Magic     | 1 3 4 5 6 7 9 11 12 14 16 18 20 27 | 27.0
Transmutations | 1 4 6 7 15 | 15.9
Slings         | 1 |  1.8
Axes           | 1 |  1.2
Polearms       | 1 |  1.1
Bows           | 1 |  1.0
Crossbows      | 1 |  1.0
Throwing       | 1 |  1.1
Ice Magic      | |  0.9
Invocations    | |  0.9

Action                   |  1- 3 |  4- 6 |  7- 9 | 10-12 | 13-15 | 16-18 | 19-21 | 22-24 | 25-27 || total
-------------------------+-------+-------+-------+-------+-------+-------+-------+-------+-------++-------
Melee: Dagger            |    61 |       |       |       |       |       |       |       |       ||    61
       Tailslap          |     4 |     5 |    13 |    13 |     6 |     5 |    14 |    24 |    10 ||    94
       Long sword        |     3 |    62 |   112 |   101 |       |    18 |    35 |    66 |    35 ||   432
       Kick              |       |       |     4 |    26 |     5 |       |       |       |       ||    35
       Staff             |       |       |       |     9 |    35 |     3 |     8 |    37 |    26 ||   118
       Peck              |       |       |       |       |       |       |       |       |     4 ||     4
Throw: Boomerang         |       |       |       |       |       |       |     2 |       |       ||     2
       Throwing net      |       |       |       |       |       |       |       |     1 |       ||     1
 Cast: Magic Dart        |    76 |   166 |   174 |    85 |   213 |     7 |    16 |     7 |    30 ||   774
       Call Imp          |     3 |    16 |     9 |     1 |       |       |       |       |       ||    29
       Mephitic Cloud    |       |     4 |    11 |    56 |     9 |     3 |       |       |       ||    83
       Blink             |       |     3 |     8 |    14 |     7 |     3 |     1 |     3 |    26 ||    65
       Animate Skeleton  |       |     1 |       |     9 |    31 |       |       |     1 |       ||    42
       Slow              |       |       |     5 |     4 |       |       |       |       |       ||     9
       Dazzling Flash    |       |       |     4 |    13 |       |       |       |       |       ||    17
       Stone Arrow       |       |       |       |   189 |    44 |       |       |       |       ||   233
       Searing Ray       |       |       |       |    17 |       |       |       |       |       ||    17
       Sticky Flame      |       |       |       |    24 |    46 |       |       |       |       ||    70
       Inner Flame       |       |       |       |     5 |     6 |       |       |       |       ||    11
       Lightning Bolt    |       |       |       |       |   105 |    17 |    17 |    21 |     2 ||   162
       Iskenderun's Batt |       |       |       |       |    55 |       |     4 |     1 |       ||    60
       Flame Wave        |       |       |       |       |    59 |     5 |       |       |       ||    64
       Orb of Destructio |       |       |       |       |    29 |   445 |   487 |   503 |    57 ||  1521
       Spellforged Servi |       |       |       |       |     7 |    13 |    16 |     7 |     8 ||    51
       Apportation       |       |       |       |       |       |     1 |       |     2 |       ||     3
       Starburst         |       |       |       |       |       |    49 |   144 |   155 |    77 ||   425
       Eringya's Noxious |       |       |       |       |       |    11 |     3 |       |       ||    14
       Fireball          |       |       |       |       |       |       |    71 |    11 |       ||    82
       Freezing Cloud    |       |       |       |       |       |       |     6 |    23 |       ||    29
       Borgnjor's Vile C |       |       |       |       |       |       |       |    31 |     8 ||    39
       Fire Storm        |       |       |       |       |       |       |       |    85 |   790 ||   875
       Necromutation     |       |       |       |       |       |       |       |       |    22 ||    22
       Dispersal         |       |       |       |       |       |       |       |       |     3 ||     3
       Animate Dead      |       |       |       |       |       |       |       |       |     1 ||     1
 Abil: Breathe Fire      |       |       |    47 |    59 |    36 |    14 |    39 |    41 |    26 ||   262
       Evoke Blink       |       |       |       |       |       |       |     1 |       |       ||     1
Evoke: Wand              |       |       |     5 |    14 |    10 |     2 |    30 |     6 |    23 ||    90
       Phial of floods   |       |       |     1 |     1 |     1 |       |     3 |     7 |     8 ||    21
       Condenser vane    |       |       |       |       |       |     1 |     1 |     6 |     6 ||    14
       Phantom mirror    |       |       |       |       |       |     1 |       |     3 |     2 ||     6
       Lightning rod     |       |       |       |       |       |       |       |    11 |    11 ||    22
       Tin of tremorston |       |       |       |       |       |       |       |     1 |       ||     1
       Box of beasts     |       |       |       |       |       |       |       |       |     4 ||     4
  Use: Scroll            |     3 |     1 |     7 |    12 |    14 |    11 |     7 |    17 |    21 ||    93
       Potion            |     1 |     2 |     1 |     3 |     6 |     4 |     4 |     9 |    41 ||    71
 Stab: Confused          |       |       |     1 |       |       |       |       |     2 |       ||     3
       Distracted        |       |       |       |       |       |       |       |       |     1 ||     1
Armor: Skin              |    25 |    61 |    62 |   119 |   190 |    95 |    70 |    93 |   109 ||   824
Dodge: Dodged            |    62 |    63 |   144 |   190 |   317 |   160 |   197 |   218 |   162 ||  1513
       Repelled          |       |       |       |       |       |       |     6 |    16 |     9 ||    31
Block: Buckler           |       |       |       |    40 |   112 |    59 |    85 |    85 |    11 ||   392
       Kite shield       |       |       |       |       |       |       |       |       |   437 ||   437
       Reflection        |       |       |       |       |       |       |       |       |     7 ||     7

Table legend: (Time is in decaauts)
 A = Elapsed time spent in this place.
 B = Non-inter-level travel time spent in this place.
 C = Inter-level travel time spent in this place.
 D = Time resting spent in this place.
 E = Time spent auto-exploring this place.
 F = Levels seen in this place.
 G = Mean time per level.
                   A        B        C        D        E       F      G
               +--------+--------+--------+--------+--------+-----+--------+
         Total | 118505 | 109421 |   9084 |  29840 |  54984 |  95 | 1247.4 |
       Dungeon |  25997 |  22529 |   3468 |   4195 |  13631 |  15 | 1733.1 |
        Temple |    227 |    219 |      8 |    206 |      1 |   1 |  227.0 |
          Lair |   8835 |   7648 |   1187 |    932 |   4868 |   6 | 1472.5 |
         Swamp |   6503 |   6298 |    205 |   2430 |   2857 |   4 | 1625.8 |
     Snake Pit |   9341 |   9100 |    241 |   2419 |   5129 |   4 | 2335.2 |
    Slime Pits |   3481 |   3013 |    468 |    625 |   1598 |   5 |  696.2 |
  Orcish Mines |   1937 |   1770 |    167 |    163 |   1113 |   2 |  968.5 |
   Elven Halls |   7947 |   7428 |    519 |   2312 |   2640 |   3 | 2649.0 |
        Vaults |  14771 |  13738 |   1033 |   3884 |   7505 |   5 | 2954.2 |
         Crypt |   5397 |   5068 |    329 |   1092 |   3116 |   3 | 1799.0 |
          Tomb |   4042 |   3466 |    576 |   1145 |   1363 |   3 | 1347.3 |
        Depths |  10681 |  10325 |    356 |   2768 |   5882 |   4 | 2670.2 |
          Hell |   1177 |   1148 |     29 |    278 |    659 |   1 | 1177.0 |
           Dis |      1 |      1 |      0 |      0 |      0 |   1 |    1.0 |
           Zot |   8698 |   8202 |    496 |   4108 |   2907 |   5 | 1739.6 |
      Ziggurat |   3874 |   3874 |      0 |   1061 |    380 |  27 |  143.5 |
         Trove |     47 |     47 |      0 |      0 |      0 |   1 |   47.0 |
        Bailey |    840 |    840 |      0 |    251 |    278 |   1 |  840.0 |
      Ice Cave |    311 |    311 |      0 |    215 |      0 |   1 |  311.0 |
        Wizlab |   1847 |   1847 |      0 |    883 |    341 |   1 | 1847.0 |
    Desolation |   1882 |   1882 |      0 |    631 |    655 |   1 | 1882.0 |
      Gauntlet |    659 |    659 |      0 |    239 |     58 |   1 |  659.0 |
               +--------+--------+--------+--------+--------+-----+--------+

Top non-repeatable levels by time:
Vaults:2: 3262 daAuts
Vaults:5: 3098 daAuts
   Zot:2: 3061 daAuts
   Elf:3: 3025 daAuts
  Tomb:1: 2992 daAuts
 Snake:1: 2927 daAuts
Vaults:3: 2906 daAuts
     D:3: 2904 daAuts
 Crypt:3: 2899 daAuts
Depths:2: 2866 daAuts
 Snake:3: 2840 daAuts
Vaults:1: 2835 daAuts
Depths:3: 2791 daAuts
   Elf:2: 2774 daAuts
Depths:4: 2749 daAuts
